Workbook

Sheet Приложение 1
C1: Приложение 1 к решению Совета депутатов Константиновского сельского поселения Ромодановского муниципального района Республики Мордовия «О внесении изменений в решение Совета депутатов Константиновского сельского поселения Ромодановского муниципальногорайона Республики Мордовия от 25 декабря 2025 г № 2 «О бюджете Константиновского сельского поселения Ромодановского муниципального района Республики Мордовия на 2026 год и на плановый период 2027 и 2028 годов» Приложение 2 к решению Совета депутатов Константиновского сельского поселения Ромодановского муниципального района Республики Мордовия «О бюджете Константиновского сельского поселения Ромодановского муниципального района Республики Мордовия на 2026 год и на плановый период 2027 и 2028 годов»
A6: ОБЪЕМ БЕЗВОЗМЕЗДНЫХ ПОСТУПЛЕНИЙ В БЮДЖЕТ КОНСТАНТИНОВСКОГО СЕЛЬСКОГО ПОСЕЛЕНИЯ РОМОДАНОВСКОГО МУНИЦИПАЛЬНОГО РАЙОНА РЕСПУБЛИКИ МОРДОВИЯ НА 2026 ГОД И НА ПЛАНОВЫЙ ПЕРИОД 2027 И 2028 ГОДОВ
E7: (тыс. рублей)
A8: Код | B8: Наименование | C8: Сумма
C9: 2026 год | D9: 2027 год | E9: 2028 год
A10: 1 | B10: 2 | C10: 3 | D10: 4 | E10: 5
A11: 2 00 00000 00 0000 000 | B11: БЕЗВОЗМЕЗДНЫЕ ПОСТУПЛЕНИЯ | C11: =C12 -> 3592.5 | D11: =D12 -> 1161.9 | E11: =E12 -> 1257.8
A12: 2 02 00000 00 0000 000 | B12: Безвозмездные поступления от других бюджетов бюджетной системы Российской Федерации | C12: =C13+C21+C26+C18 -> 3592.5 | D12: =D13+D21+D26 -> 1161.9 | E12: =E13+E21+E26 -> 1257.8
A13: 2 02 10000 00 0000 150 | B13: Дотации бюджетам бюджетной системы Российской Федерации | C13: =C14+C16 -> 944.1 | D13: =D14 -> 622.6 | E13: =E14 -> 640
A14: 2 02 15001 00 0000 150 | B14: Дотации на выравнивание бюджетной обеспеченности | C14: =C15 -> 760.1 | D14: =D15 -> 622.6 | E14: =E15 -> 640
A15: 2 02 15001 10 0000 150 | B15: Дотации бюджетам сельских поселений на выравнивание бюджетной обеспеченности из бюджета субъекта Российской Федерации | C15: 760.1 | D15: 622.6 | E15: 640
A16: 2 02 15002 00 0000 150 | B16: Датация бюджетам на поддержку мер по обеспечению сбалансированности бюджетов | C16: =C17 -> 184
A17: 2 02 15002 10 0000 150 | B17: Дотации бюджетамсельских поселений на поддержку мер по обеспечению сбалансированности бюджетов | C17: 184
A18: 2 02 20000 00 0000 150 | B18: Субсидии бюджетам бюджетной системы Российской Федерации (межбюджетные субсидии) | C18: =C19 -> 664.4
A19: 2 02 29999 00 0000 150 | B19: Прочие субсидии | C19: =C20 -> 664.4
A20: 2 02 29999 10 0000 150 | B20: Прочие субсидии бюджетам сельских поселений | C20: 664.4
A21: 2 02 30000 00 0000 150 | B21: Субвенции бюджетам бюджетной системы Российской Федерации | C21: =C22+C24 -> 217.9 | D21: =D22+D24 -> 244.3 | E21: =E22+E24 -> 311.8
A22: 2 02 30024 00 0000 150 | B22: Субвенции местным бюджетам на выполнение передаваемых полномочий субъектов Российской Федерации | C22: =C23 -> 0.5 | D22: =D23 -> 0.5 | E22: =E23 -> 0.6
A23: 2 02 30024 10 0000 150 | B23: Субвенции бюджетам сельских поселений на выполнение передаваемых полномочий субъектов Российской Федерации | C23: 0.5 | D23: 0.5 | E23: 0.6
A24: 2 02 35118 00 0000 150 | B24: Субвенции бюджетам на осуществление первичного воинского учета органами местного самоуправления поселений,муниципальных и городских округов | C24: =C25 -> 217.4 | D24: =D25 -> 243.8 | E24: =E25 -> 311.2
A25: 2 02 35118 10 0000 150 | B25: Субвенции бюджетам сельских поселений на осуществление первичного воинского учета органами местного самоуправления поселений,муниципальных и городских округов | C25: 217.4 | D25: 243.8 | E25: 311.2
A26: 2 02 40000 00 0000 150 | B26: Иные межбюджетные трансферты | C26: =C27+C29 -> 1766.1 | D26: =D27 -> 295 | E26: =E27 -> 306
A27: 2 02 40014 00 0000 150 | B27: Межбюджетные трансферты, передаваемые бюджетам муниципальных образований на осуществление части полномочий по решению вопросов местного значения в соответствии с заключенными соглашениями | C27: =C28 -> 642.1 | D27: =D28 -> 295 | E27: =E28 -> 306
A28: 2 02 40014 10 0000 150 | B28: Межбюджетные трансферты, передаваемые бюджетам сельских поселений из бюджетов муниципальных районов на осуществление части полномочий по решению вопросов местного значения в соответствии с заключенными соглашениями | C28: 642.1 | D28: 295 | E28: 306
A29: 2 02 49999 00 0000 150 | B29: Прочие межбюджетные трансферты, передаваемые бюджетам | C29: =C30 -> 1124
A30: 2 02 49999 10 0000 150 | B30: Прочие межбюджетные трансферты, передаваемые бюджетам сельских поселений | C30: 1124

Sheet Приложение2
I1: Приложение 2 к решению Совета депутатов Константиновского сельского поселения Ромодановского муниципального района Республики Мордовия «О внесении изменений в решение Совета депутатов Константиновского сельского поселения Ромодановского муниципального района Республики Мордовия от 25 декабря 2025 г № 2 «О бюджете Константиновского сельского поселения Ромодановского муниципального района Республики Мордовия на 2026 год и на плановый период 2027 и 2028 годов» Приложение 3 к решению Совета депутатов Константиновского сельского поселения Ромодановского муниципального района Республики Мордовия «О бюджете Константиновского сельского поселения Ромодановского муниципального района Республики Мордовия на 2026 год и на плановый период 2027 и 2028 годов»
A2: ВЕДОМСТВЕННАЯ СТРУКТУРА РАСХОДОВ БЮДЖЕТА КОНСТАНТИНОВСКОГО СЕЛЬСКОГО ПОСЕЛЕНИЯ РОМОДАНОВСКОГО МУНИЦИПАЛЬНОГО РАЙОНА РЕСПУБЛИКИ МОРДОВИЯ НА 2026 ГОД И НА ПЛАНОВЫЙ ПЕРИОД 2027 И 2028 ГОДОВ
I3: (тыс. рублей)
A4: Наименование | B4: Адм | C4: Рз | D4: Прз | E4: Цср | I4: Вр | J4: Сумма
J5: 2026 год | K5: 2027 год | L5: 2028 год
A6: 1 | B6: 2 | C6: 3 | D6: 4 | E6: 5 | F6: 6 | G6: 7 | H6: 8 | I6: 9 | J6: 10 | K6: 11 | L6: 12
A7: Администрация Константиновского сельского поселения Ромодановского муниципального района Республики Мордовия | B7: 914 | J7: =J8+J43+J52+J59+J86+J100+J93 -> 4588.8 | K7: =K8+K43+K52+K59+K86+K100+K93 -> 1806.1 | L7: =L8+L43+L52+L59+L86+L93+L100 -> 1914.8
A8: Общегосударственные вопросы | B8: 914 | C8: 01 | J8: =J9+J18+J37 -> 1784 | K8: =K9+K18+K37 -> 1090 | L8: =L9+L18+L37 -> 1140.8
A9: Функционирование высшего должностного лица субъекта Российской Федерации и муниципального образования | B9: 914 | C9: 01 | D9: 02 | J9: =J10 -> 722.5 | K9: =K10 -> 538.9 | L9: =L10 -> 549.9
A10: Обеспечение деятельности Администрации Константиновского сельского поселения Ромодановского муниципального района Республики Мордовия | B10: 914 | C10: 01 | D10: 02 | E10: 65 | J10: =J11 -> 722.5 | K10: =K11 -> 538.9 | L10: =L11 -> 549.9
A11: Высшее должностное лицо | B11: 914 | C11: 01 | D11: 02 | E11: 65 | F11: 1 | J11: =J12+J15 -> 722.5 | K11: =K12 -> 538.9 | L11: =L12 -> 549.9
A12: Расходы на выплаты по оплате труда высшего должностного лица | B12: 914 | C12: 01 | D12: 02 | E12: 65 | F12: 1 | G12: 00 | H12: 41150 | J12: =J13 -> 620.5 | K12: =K13 -> 538.9 | L12: =L13 -> 549.9
A13: Расходы на выплаты персоналу в целях обеспечения выполнения функций государственными (муниципальными) органами, казенными учреждениями, органами управления государственными внебюджетными фондами | B13: 914 | C13: 01 | D13: 02 | E13: 65 | F13: 1 | G13: 00 | H13: 41150 | I13: 100 | J13: =J14 -> 620.5 | K13: =K14 -> 538.9 | L13: =L14 -> 549.9
A14: Расходы на выплаты персоналу государственных (муниципальных) органов | B14: 914 | C14: 01 | D14: 02 | E14: 65 | F14: 1 | G14: 00 | H14: 41150 | I14: 120 | J14: 620.5 | K14: 538.9 | L14: 549.9
A15: ='[1]Приложение 3'!$A$15 -> Субсидии на со финансирование расходных обязательств по финансовому обеспечению деятельности органов местного самоуправления и муниципальных учреждений | B15: 914 | C15: 01 | D15: 2 | E15: 65 | F15: 1 | G15: 00 | H15: 44205 | J15: =J16 -> 102
A16: =A13 -> Расходы на выплаты персоналу в целях обеспечения выполнения функций государственными (муниципальными) органами, казенными учреждениями, органами управления государственными внебюджетными фондами | B16: 914 | C16: 01 | D16: 2 | E16: 65 | F16: 1 | G16: 00 | H16: 44205 | I16: 100 | J16: =J17 -> 102
A17: =A14 -> Расходы на выплаты персоналу государственных (муниципальных) органов | B17: 914 | C17: 01 | D17: 2 | E17: 65 | F17: 1 | G17: 00 | H17: 44205 | I17: 120 | J17: 102
A18: Функционирование Правительства Российской Федерации, высших исполнительных органов государственной власти субъектов Российской Федерации, местных администраций | B18: 914 | C18: 01 | D18: 04 | J18: =J19+J32 -> 1056.5 | K18: =K19+K32 -> 546.1 | L18: =L19+L32 -> 585.9
A19: =A10 -> Обеспечение деятельности Администрации Константиновского сельского поселения Ромодановского муниципального района Республики Мордовия | B19: 914 | C19: 01 | D19: 04 | E19: 65 | J19: =J20 -> 1056 | K19: =K20 -> 545.6 | L19: =L20 -> 585.3
A20: Расходы в рамках обеспечения деятельности Администрации Константиновского сельского поселения | B20: 914 | C20: 01 | D20: 04 | E20: 65 | F20: 2 | J20: =J21+J24+J29 -> 1056 | K20: =K24+K21 -> 545.6 | L20: =L21+L24 -> 585.3
A21: Расходы на выплаты по оплате труда работников органов местного самоуправления | B21: 914 | C21: 01 | D21: 04 | E21: 65 | F21: 2 | G21: 00 | H21: 41110 | J21: =J22 -> 434 | K21: =K22 -> 406.7 | L21: =L22 -> 450
A22: Расходы на выплаты персоналу в целях обеспечения выполнения функций государственными (муниципальными) органами, казенными учреждениями, органами управления государственными внебюджетными фондами | B22: 914 | C22: 01 | D22: 04 | E22: 65 | F22: 2 | G22: 00 | H22: 41110 | I22: 100 | J22: =J23 -> 434 | K22: =K23 -> 406.7 | L22: =L23 -> 450
A23: Расходы на выплаты персоналу государственных (муниципальных) органов | B23: 914 | C23: 01 | D23: 04 | E23: 65 | F23: 2 | G23: 00 | H23: 41110 | I23: 120 | J23: 434 | K23: 406.7 | L23: 450
A24: Расходы на обеспечение выполнения функций органов местного самоуправления | B24: 914 | C24: 01 | D24: 04 | E24: 65 | F24: 2 | G24: 00 | H24: 41120 | J24: =+J25+J27 -> 522 | K24: =+K25+K27 -> 138.9 | L24: =L25+L27 -> 135.3
A25: Закупка товаров, работ и услуг для обеспечения государственных (муниципальных) нужд | B25: 914 | C25: 01 | D25: 04 | E25: 65 | F25: 2 | G25: 00 | H25: 41120 | I25: 200 | J25: =J26 -> 520 | K25: =K26 -> 136.9 | L25: =L26 -> 133.3
A26: Иные закупки товаров, работ и услуг для обеспечения государственных (муниципальных) нужд | B26: 914 | C26: 01 | D26: 04 | E26: 65 | F26: 2 | G26: 00 | H26: 41120 | I26: 240 | J26: 520 | K26: 136.9 | L26: 133.3
A27: Иные бюджетные ассигнования | B27: 914 | C27: 01 | D27: 04 | E27: 65 | F27: 2 | G27: 00 | H27: 41120 | I27: 800 | J27: =J28 -> 2 | K27: =K28 -> 2 | L27: =L28 -> 2
A28: Уплата налогов, сборов и иных платежей | B28: 914 | C28: 01 | D28: 04 | E28: 65 | F28: 2 | G28: 00 | H28: 41120 | I28: 850 | J28: 2 | K28: 2 | L28: 2
A29: =A15 -> Субсидии на со финансирование расходных обязательств по финансовому обеспечению деятельности органов местного самоуправления и муниципальных учреждений | B29: 914 | C29: 01 | D29: 04 | E29: 65 | F29: 2 | G29: 00 | H29: 44205 | J29: =J30 -> 100
A30: =A16 -> Расходы на выплаты персоналу в целях обеспечения выполнения функций государственными (муниципальными) органами, казенными учреждениями, органами управления государственными внебюджетными фондами | B30: 914 | C30: 01 | D30: 04 | E30: 65 | F30: 2 | G30: 00 | H30: 44205 | I30: 100 | J30: =J31 -> 100
A31: =A17 -> Расходы на выплаты персоналу государственных (муниципальных) органов | B31: 914 | C31: 01 | D31: 04 | E31: 65 | F31: 2 | G31: 00 | H31: 44205 | I31: 120 | J31: 100
A32: Непрограммные расходы главных распорядителей средств бюджетаКонстантиновского сельского поселения Ромодановского муниципального района Республики Мордовия | B32: 914 | C32: 01 | D32: 04 | E32: 89 | J32: =J33 -> 0.5 | K32: =K33 -> 0.5 | L32: =L33 -> 0.6
A33: Непрограммные расходы в рамках обеспечения деятельности главных распорядителей средств бюджетаКонстантиновского сельского поселения Ромодановского муниципального района Республики Мордовия | B33: 914 | C33: 01 | D33: 04 | E33: 89 | F33: 1 | J33: =J34 -> 0.5 | K33: =K34 -> 0.5 | L33: =L34 -> 0.6
A34: Осуществление государственных полномочий Республики Мордовия по определению перечня должностных лиц, уполномоченных составлять протоколы об административных правонарушениях, предусмотренных Законом Республики Мордовия от 15 июня 2015 года № 38-З "Об административной ответственности на территории Республики Мордовия" | B34: 914 | C34: 01 | D34: 04 | E34: 89 | F34: 1 | G34: 00 | H34: 77150 | J34: =J35 -> 0.5 | K34: =K35 -> 0.5 | L34: =L35 -> 0.6
A35: Закупка товаров, работ и услуг для обеспечения государственных (муниципальных) нужд | B35: 914 | C35: 01 | D35: 04 | E35: 89 | F35: 1 | G35: 00 | H35: 77150 | I35: 200 | J35: =J36 -> 0.5 | K35: =K36 -> 0.5 | L35: =L36 -> 0.6
A36: Иные закупки товаров, работ и услуг для обеспечения государственных (муниципальных) нужд | B36: 914 | C36: 01 | D36: 04 | E36: 89 | F36: 1 | G36: 00 | H36: 77150 | I36: 240 | J36: 0.5 | K36: 0.5 | L36: 0.6
A37: Резервные фонды | B37: 914 | C37: 01 | D37: 11 | J37: =J38 -> 5 | K37: =K38 -> 5 | L37: =L38 -> 5
A38: Непрограммные расходы главных распорядителей средств бюджета Константиновского сельского поселения Ромодановского муниципального района Республики Мордовия | B38: 914 | C38: 01 | D38: 11 | E38: 89 | J38: =J39 -> 5 | K38: =K39 -> 5 | L38: =L39 -> 5
A39: Непрограммные расходы в рамках обеспечения деятельности главных распорядителей средств бюджета Константиновского сельского поселения Ромодановского муниципального района Республики Мордовия | B39: 914 | C39: 01 | D39: 11 | E39: 89 | F39: 1 | J39: =J40 -> 5 | K39: =K40 -> 5 | L39: =L40 -> 5
A40: Резервный фонд администрации Константиновского сельского поселения Ромодановского муниципального района Республики Мордовия | B40: 914 | C40: 01 | D40: 11 | E40: 89 | F40: 1 | G40: 00 | H40: 41180 | J40: =J42 -> 5 | K40: =K42 -> 5 | L40: =L41 -> 5
A41: Иные бюджетные ассигнования | B41: 914 | C41: 01 | D41: 11 | E41: 89 | F41: 1 | G41: 00 | H41: 41180 | I41: 800 | J41: =J42 -> 5 | K41: =K42 -> 5 | L41: =L42 -> 5
A42: Резервные средства | B42: 914 | C42: 01 | D42: 11 | E42: 89 | F42: 1 | G42: 00 | H42: 41180 | I42: 870 | J42: 5 | K42: 5 | L42: 5
A43: Национальная оборона | B43: 914 | C43: 02 | J43: =J44 -> 217.4 | K43: =K44 -> 243.8 | L43: =L44 -> 311.2
A44: Мобилизационная и вневойсковая подготовка | B44: 914 | C44: 02 | D44: 03 | J44: =J45 -> 217.4 | K44: =K45 -> 243.8 | L44: =L45 -> 311.2
A45: =A38 -> Непрограммные расходы главных распорядителей средств бюджета Константиновского сельского поселения Ромодановского муниципального района Республики Мордовия | B45: 914 | C45: 02 | D45: 03 | E45: 89 | J45: =J46 -> 217.4 | K45: =K46 -> 243.8 | L45: =L46 -> 311.2
A46: =A39 -> Непрограммные расходы в рамках обеспечения деятельности главных распорядителей средств бюджета Константиновского сельского поселения Ромодановского муниципального района Республики Мордовия | B46: 914 | C46: 02 | D46: 03 | E46: 89 | F46: 1 | J46: =J47 -> 217.4 | K46: =K47 -> 243.8 | L46: =L47 -> 311.2
A47: Осуществление государственных полномочий Российской Федерации по воинскому учету в поселениях, на территориях которых отсутствуют структурные подразделения военных комиссариатов | B47: 914 | C47: 02 | D47: 03 | E47: 89 | F47: 1 | G47: 00 | H47: 51180 | J47: =J50+J48 -> 217.4 | K47: =K50+K48 -> 243.8 | L47: =L48+L50 -> 311.2
A48: Расходы на выплаты персоналу в целях обеспечения выполнения функций государственными (муниципальными) органами, казенными учреждениями, органами управления государственными внебюджетными фондами | B48: 914 | C48: 02 | D48: 03 | E48: 89 | F48: 1 | G48: 00 | H48: 51180 | I48: 100 | J48: =J49 -> 214.4 | K48: =K49 -> 240.8 | L48: =L49 -> 308.2
A49: Расходы на выплаты персоналу государственных (муниципальных) органов | B49: 914 | C49: 02 | D49: 03 | E49: 89 | F49: 1 | G49: 00 | H49: 51180 | I49: 120 | J49: 214.4 | K49: 240.8 | L49: 308.2
A50: Закупка товаров, работ и услуг для обеспечения государственных (муниципальных) нужд | B50: 914 | C50: 02 | D50: 03 | E50: 89 | F50: 1 | G50: 00 | H50: 51180 | I50: 200 | J50: =J51 -> 3 | K50: =K51 -> 3 | L50: =L51 -> 3
A51: Иные закупки товаров, работ и услуг для обеспечения государственных (муниципальных) нужд | B51: 914 | C51: 02 | D51: 03 | E51: 89 | F51: 1 | G51: 00 | H51: 51180 | I51: 240 | J51: 3 | K51: 3 | L51: 3
A52: Национальная экономика | B52: 914 | C52: 04 | J52: =J53 -> 528 | K52: =K53 -> 295 | L52: =L53 -> 306
A53: Дорожное хозяйство (дорожные фонды) | B53: 914 | C53: 04 | D53: 09 | J53: =J54 -> 528 | K53: =K54 -> 295 | L53: =L54 -> 306
A54: Муниципальная программа «Комплексного развития транспортной инфраструктуры Константиновского сельского поселения Ромодановского муниципального района Республики Мордовия на 2017- 2027 года" | B54: 914 | C54: 04 | D54: 09 | E54: 13 | J54: =J56 -> 528 | K54: =K56 -> 295 | L54: =L55 -> 306
A55: Основное мероприятие "Ремонт и содержание дорог в границах поселения, поддержание дорожного полотна в работоспособном состоянии" | B55: 914 | C55: 04 | D55: 09 | E55: 13 | F55: 0 | G55: 01 | J55: =J56 -> 528 | K55: =K56 -> 295 | L55: =L56 -> 306
A56: Иные межбюджетные трансферты на осуществление полномочий по дорожной деятельности в отношении автомобильных дорог местного значения в границах населенных пунктов поселения и обеспечению безопасности дорожного движения на них, включая создание и обеспечение функционирования парковок (парковочных мест), осуществлению муниципального контроля на автомобильном транспорте, городском наземном электрическом транспорте и в дорожном хозяйстве в границах населенных пунктов поселения, организации дорожного движения, а также осуществлению иных полномочий в области использования автомобильных дорог и осуществления дорожной деятельности в соответствии с законодательством Российской Федерации | B56: 914 | C56: 04 | D56: 09 | E56: 13 | F56: 0 | G56: 01 | H56: 9Д184 | J56: =J57 -> 528 | K56: =K57 -> 295 | L56: =L57 -> 306
A57: Закупка товаров, работ и услуг для обеспечения государственных (муниципальных) нужд | B57: 914 | C57: 04 | D57: 09 | E57: 13 | F57: 0 | G57: 01 | H57: 9Д184 | I57: 200 | J57: =J58 -> 528 | K57: =K58 -> 295 | L57: =L58 -> 306
A58: Иные закупки товаров, работ и услуг для обеспечения государственных (муниципальных) нужд | B58: 914 | C58: 04 | D58: 09 | E58: 13 | F58: 0 | G58: 01 | H58: 9Д184 | I58: 240 | J58: 528 | K58: 295 | L58: 306
A59: Жилищно-коммунальное хозяйство | B59: 914 | C59: 05 | J59: =J66+J60 -> 2002.9 | K59: =K66 -> 89.2 | L59: =L66 -> 35.7
A60: Коммунальное хозяйства | B60: 914 | C60: 05 | D60: 02 | J60: =J61 -> 114.1
A61: =A45 -> Непрограммные расходы главных распорядителей средств бюджета Константиновского сельского поселения Ромодановского муниципального района Республики Мордовия | B61: 914 | C61: 05 | D61: 02 | E61: 89 | J61: =J62 -> 114.1
A62: =A46 -> Непрограммные расходы в рамках обеспечения деятельности главных распорядителей средств бюджета Константиновского сельского поселения Ромодановского муниципального района Республики Мордовия | B62: 914 | C62: 05 | D62: 02 | E62: 89 | F62: 1 | J62: =J63 -> 114.1
A63: Иные межбюджетные трасфертына осуществление полномочий по организации в границах поселения электро-,газо-и водоснабжения населения,водоотведения в пределахполномочий,установленных законодательством Российской Федерации | B63: 914 | C63: 05 | D63: 02 | E63: 89 | F63: 1 | G63: 00 | H63: 44101 | J63: =J64 -> 114.1
A64: =A57 -> Закупка товаров, работ и услуг для обеспечения государственных (муниципальных) нужд | B64: 914 | C64: 05 | D64: 02 | E64: 89 | F64: 1 | G64: 00 | H64: 44101 | I64: 200 | J64: =J65 -> 114.1
A65: =A58 -> Иные закупки товаров, работ и услуг для обеспечения государственных (муниципальных) нужд | B65: 914 | C65: 05 | D65: 02 | E65: 89 | F65: 1 | G65: 00 | H65: 44101 | I65: 240 | J65: 114.1
A66: Благоустройство | B66: 914 | C66: 05 | D66: 03 | J66: =J67+J78+J72 -> 1888.8 | K66: =K67 -> 89.2 | L66: =L67 -> 35.7
A67: Муниципальная программа "Комплексного развития социальной инфраструктуры Константиновского сельского поселения Ромодановского муниципального района Республики Мордовия на 2018-2030 года" | B67: 914 | C67: 05 | D67: 03 | E67: 10 | J67: =J68 -> 0 | K67: =K68 -> 89.2 | L67: =L68 -> 35.7
A68: Основное мероприятие "Благоустройство территории" | B68: 914 | C68: 05 | D68: 03 | E68: 10 | F68: 0 | G68: 07 | J68: =J69 -> 0 | K68: =K69 -> 89.2 | L68: =L69 -> 35.7
A69: Организация и содержание мест захоронения | B69: 914 | C69: 05 | D69: 03 | E69: 10 | F69: 0 | G69: 07 | H69: 43040 | J69: =J70 -> 0 | K69: =K70 -> 89.2 | L69: =L70 -> 35.7
A70: =A64 -> Закупка товаров, работ и услуг для обеспечения государственных (муниципальных) нужд | B70: 914 | C70: 05 | D70: 03 | E70: 10 | F70: 0 | G70: 07 | H70: 43040 | I70: 200 | J70: =J71 -> 0 | K70: =K71 -> 89.2 | L70: =L71 -> 35.7
A71: =A65 -> Иные закупки товаров, работ и услуг для обеспечения государственных (муниципальных) нужд | B71: 914 | C71: 05 | D71: 03 | E71: 10 | F71: 0 | G71: 07 | H71: 43040 | I71: 240 | J71: 0 | K71: 89.2 | L71: 35.7
A72: Муниципальная программа Константиновского сельского поселения Ромодановского муниципального района Республики Мордовия"Комплексное развитие сельских территорий" | B72: 914 | C72: 05 | D72: 03 | E72: 22 | J72: =J73 -> 483.8 | K72: 0 | L72: 0
A73: Подпрограмма "Благоустпройство сельских территорий" | B73: 914 | C73: 05 | D73: 03 | E73: 22 | F73: 1 | J73: =J76 -> 483.8 | K73: 0 | L73: 0
A74: Программа создание комфортной среды для проживания граждан,а также развитие эффективной транспортой инфраструкуры. | B74: 914 | C74: 05 | D74: 03 | E74: 22 | F74: 1 | G74: 01 | J74: =J75 -> 483.8 | K74: 0 | L74: 0
A75: Благоустройство территорий муниципального образрвания (в части изготовления,установки,капитального ремонта и ремонта памятников воинам,погибшим в годы великой Отечественной войны 1941-1945 годов) | B75: 914 | C75: 05 | D75: 03 | E75: 22 | F75: 1 | G75: 01 | H75: S6270 | J75: =J76 -> 483.8 | K75: 0 | L75: 0
A76: Закупка товаров, работ и услуг для обеспечения государственных (муниципальных) нужд | B76: 914 | C76: 05 | D76: 03 | E76: 22 | F76: 1 | G76: 01 | H76: S6270 | I76: 200 | J76: =J77 -> 483.8 | K76: =K77 -> 0 | L76: =L77 -> 0
A77: Иные закупки товаров, работ и услуг для обеспечения государственных (муниципальных) нужд | B77: 914 | C77: 05 | D77: 03 | E77: 22 | F77: 1 | G77: 01 | H77: S6270 | I77: 240 | J77: 483.8 | K77: 0 | L77: 0
A78: =A45 -> Непрограммные расходы главных распорядителей средств бюджета Константиновского сельского поселения Ромодановского муниципального района Республики Мордовия | B78: 914 | C78: 05 | D78: 03 | E78: 89 | J78: =J79 -> 1405 | K78: 0 | L78: 0
A79: =A46 -> Непрограммные расходы в рамках обеспечения деятельности главных распорядителей средств бюджета Константиновского сельского поселения Ромодановского муниципального района Республики Мордовия | B79: 914 | C79: 05 | D79: 03 | E79: 89 | F79: 1 | J79: =J80+J83 -> 1405 | K79: 0 | L79: 0
A80: Организация и содержание мест захоронения | B80: 914 | C80: 05 | D80: 03 | E80: 89 | F80: 1 | G80: 00 | H80: 43030 | J80: =J81 -> 281 | K80: 0 | L80: 0
A81: =A76 -> Закупка товаров, работ и услуг для обеспечения государственных (муниципальных) нужд | B81: 914 | C81: 05 | D81: 03 | E81: 89 | F81: 1 | G81: 00 | H81: 43030 | I81: 200 | J81: =J82 -> 281 | K81: 0 | L81: 0
A82: =A77 -> Иные закупки товаров, работ и услуг для обеспечения государственных (муниципальных) нужд | B82: 914 | C82: 05 | D82: 03 | E82: 89 | F82: 1 | G82: 00 | H82: 43030 | I82: 240 | J82: 281 | K82: 0 | L82: 0
A83: Решение вопросов местного значения,осуществляемое с провлечением средств самообложения граждан | B83: 914 | C83: 05 | D83: 03 | E83: 89 | F83: 1 | G83: 00 | H83: 78090 | J83: =J84 -> 1124 | K83: 0 | L83: 0
A84: =A81 -> Закупка товаров, работ и услуг для обеспечения государственных (муниципальных) нужд | B84: 914 | C84: 05 | D84: 03 | E84: 89 | F84: 1 | G84: 00 | H84: 78090 | I84: 200 | J84: =J85 -> 1124 | K84: 0 | L84: 0
A85: =A82 -> Иные закупки товаров, работ и услуг для обеспечения государственных (муниципальных) нужд | B85: 914 | C85: 05 | D85: 03 | E85: 89 | F85: 1 | G85: 00 | H85: 78090 | I85: 240 | J85: 1124 | K85: 0 | L85: 0
A86: Социальная политика | B86: 914 | C86: 10 | J86: =J87 -> 55.3 | K86: =K87 -> 55.3 | L86: =L87 -> 55.3
A87: Пенсионное обеспечение | B87: 914 | C87: 10 | D87: 01 | J87: =J88 -> 55.3 | K87: =K88 -> 55.3 | L87: =L88 -> 55.3
A88: Непрограммные расходы главных распорядителей средств бюджета Константиновского сельского поселения Ромодановского муниципального района Республики Мордовия | B88: 914 | C88: 10 | D88: 01 | E88: 89 | J88: =J89 -> 55.3 | K88: =K89 -> 55.3 | L88: =L89 -> 55.3
A89: Непрограммные расходы в рамках обеспечения деятельности главных распорядителей средств бюджета Константиновского сельского поселения Ромодановского муниципального района Республики Мордовия | B89: 914 | C89: 10 | D89: 01 | E89: 89 | F89: 1 | J89: =J90 -> 55.3 | K89: =K90 -> 55.3 | L89: =L90 -> 55.3
A90: Доплаты к пенсиям муниципальных служащих Республики Мордовия | B90: 914 | C90: 10 | D90: 01 | E90: 89 | F90: 1 | G90: 00 | H90: 03010 | J90: =J91 -> 55.3 | K90: =K91 -> 55.3 | L90: =L91 -> 55.3
A91: Социальное обеспечение и иные выплаты населению | B91: 914 | C91: 10 | D91: 01 | E91: 89 | F91: 1 | G91: 00 | H91: 03010 | I91: 300 | J91: =J92 -> 55.3 | K91: =K92 -> 55.3 | L91: =L92 -> 55.3
A92: Публичные нормативные социальные выплаты гражданам | B92: 914 | C92: 10 | D92: 01 | E92: 89 | F92: 1 | G92: 00 | H92: 03010 | I92: 310 | J92: 55.3 | K92: 55.3 | L92: 55.3
A93: Обслуживание государственного (муниципального)долга | B93: 914 | C93: 13 | J93: =J94 -> 1.2 | K93: =K94 -> 1.1 | L93: =L94 -> 1
A94: Обслуживание государственного (муниципального) внутреннего долга | B94: 914 | C94: 13 | D94: 01 | J94: =J95 -> 1.2 | K94: =K95 -> 1.1 | L94: =L95 -> 1
A95: =A88 -> Непрограммные расходы главных распорядителей средств бюджета Константиновского сельского поселения Ромодановского муниципального района Республики Мордовия | B95: 914 | C95: 13 | D95: 01 | E95: 89 | J95: =J96 -> 1.2 | K95: =K96 -> 1.1 | L95: =L96 -> 1
A96: =A89 -> Непрограммные расходы в рамках обеспечения деятельности главных распорядителей средств бюджета Константиновского сельского поселения Ромодановского муниципального района Республики Мордовия | B96: 914 | C96: 13 | D96: 01 | E96: 89 | F96: 1 | J96: =J97 -> 1.2 | K96: =K97 -> 1.1 | L96: =L97 -> 1
A97: Процентные платежи по муниципальному долгу | B97: 914 | C97: 13 | D97: 01 | E97: 89 | F97: 1 | G97: 00 | H97: 41240 | J97: =J98 -> 1.2 | K97: =K98 -> 1.1 | L97: =L98 -> 1
A98: Обслуживание государственного (муниципального) долга | B98: 914 | C98: 13 | D98: 01 | E98: 89 | F98: 1 | G98: 00 | H98: 41240 | I98: 700 | J98: =J99 -> 1.2 | K98: =K99 -> 1.1 | L98: =L99 -> 1
A99: Обслуживание муниципального долга | B99: 914 | C99: 13 | D99: 01 | E99: 89 | F99: 1 | G99: 00 | H99: 41240 | I99: 730 | J99: 1.2 | K99: 1.1 | L99: 1
A100: Условно утвержденные расходы | B100: 914 | C100: 99 | J100: =J101 -> 0 | K100: =K101 -> 31.7 | L100: =L101 -> 64.8
...

Sheet Приложение 3
H1: Приложение 3 к решению Совета депутатов Константиновского сельского поселения Ромодановского муниципального района Республики Мордовия «О внесении изменений в решение Совета депутатов Константиновского сельского поселения Ромодановского муниципального района Республики Мордовия от 25 декабря 2025 г № 2 «О бюджете Константиновского сельского поселения Ромодановского муниципального района Республики Мордовия на 2026 год и на плановый период 2027 и 2028 годов» Приложение 4 к решению Совета депутатов Константиновского сельского поселения Ромодановского муниципального района Республики Мордовия «О бюджете Константиновского сельского поселения Ромодановского муниципального района Республики Мордовия на 2026 год и на плановый период 2027 и 2028 годов»
A2: РАСПРЕДЕЛЕНИЕ БЮДЖЕТНЫХ АССИГНОВАНИЙ БЮДЖЕТА КОНСТАНТИНОВСКОГО СЕЛЬСКОГО ПОСЕЛЕНИЯ РОМОДАНОВСКОГО МУНИЦИПАЛЬНОГО РАЙОНА РЕСПУБЛИКИ МОРДОВИЯ ПО РАЗДЕЛАМ, ПОДРАЗДЕЛАМ, ЦЕЛЕВЫМ СТАТЬЯМ (МУНИЦИПАЛЬНЫМ ПРОГРАММАМ И НЕПРОГРАММНЫМ НАПРАВЛЕНИЯМ ДЕЯТЕЛЬНОСТИ), ГРУППАМ И ПОДГРУППАМ ВИДОВ РАСХОДОВ КЛАССИФИКАЦИИ РАСХОДОВ БЮДЖЕТОВ НА 2026 ГОД И НА ПЛАНОВЫЙ ПЕРИОД 2027 И 2028 ГОДОВ
H3: (тыс. рублей)
A4: Наименование | B4: Рз | C4: Прз | D4: Цср | H4: Вр | I4: Сумма
I5: 2026 год | J5: 2027 год | K5: 2028 год
A6: ВСЕГО | B6: 2 | C6: 3 | D6: 4 | E6: 5 | F6: 6 | G6: 7 | H6: 8 | I6: 9 | J6: 10 | K6: 11
A7: Администрация Константиновского сельского поселения Ромодановского муниципального района Республики Мордовия | I7: =I8+I43+I52+I59+I86+I93 -> 4588.8 | J7: =J8+J43+J52+J59+J86+J100+J93 -> 1806.1 | K7: =K8+K43+K52+K59+K86+K100+K93 -> 1914.8
A8: Общегосударственные вопросы | B8: 01 | I8: =I9+I18+I37 -> 1784 | J8: =J9+J18+J37 -> 1090 | K8: =K9+K18+K37 -> 1140.8
A9: Функционирование высшего должностного лица субъекта Российской Федерации и муниципального образования | B9: 01 | C9: 02 | I9: =I10 -> 722.5 | J9: =J10 -> 538.9 | K9: =K10 -> 549.9
A10: =Приложение2!A10 -> Обеспечение деятельности Администрации Константиновского сельского поселения Ромодановского муниципального района Республики Мордовия | B10: 01 | C10: 02 | D10: 65 | I10: =I11 -> 722.5 | J10: =J11 -> 538.9 | K10: =K11 -> 549.9
A11: Высшее должностное лицо | B11: 01 | C11: 02 | D11: 65 | E11: 1 | I11: =I12+I15 -> 722.5 | J11: =J12 -> 538.9 | K11: =K12 -> 549.9
A12: Расходы на выплаты по оплате труда высшего должностного лица | B12: 01 | C12: 02 | D12: 65 | E12: 1 | F12: 00 | G12: 41150 | I12: =I13 -> 620.5 | J12: =J13 -> 538.9 | K12: =K13 -> 549.9
A13: Расходы на выплаты персоналу в целях обеспечения выполнения функций государственными (муниципальными) органами, казенными учреждениями, органами управления государственными внебюджетными фондами | B13: 01 | C13: 02 | D13: 65 | E13: 1 | F13: 00 | G13: 41150 | H13: 100 | I13: =I14 -> 620.5 | J13: =J14 -> 538.9 | K13: =K14 -> 549.9
A14: Расходы на выплаты персоналу государственных (муниципальных) органов | B14: 01 | C14: 02 | D14: 65 | E14: 1 | F14: 00 | G14: 41150 | H14: 120 | I14: =Приложение2!J14 -> 620.5 | J14: =Приложение2!K14 -> 538.9 | K14: =Приложение2!L12 -> 549.9
A15: =Приложение2!A15 -> Субсидии на со финансирование расходных обязательств по финансовому обеспечению деятельности органов местного самоуправления и муниципальных учреждений | B15: 01 | C15: 02 | D15: 65 | E15: 1 | F15: 00 | G15: 44205 | I15: =I16 -> 102
A16: =Приложение2!A13 -> Расходы на выплаты персоналу в целях обеспечения выполнения функций государственными (муниципальными) органами, казенными учреждениями, органами управления государственными внебюджетными фондами | B16: 01 | C16: 02 | D16: 65 | E16: 1 | F16: 00 | G16: 44205 | H16: 100 | I16: =I17 -> 102
A17: =Приложение2!A17 -> Расходы на выплаты персоналу государственных (муниципальных) органов | B17: 01 | C17: 02 | D17: 65 | E17: 1 | F17: 00 | G17: 44205 | H17: 120 | I17: =Приложение2!J17 -> 102
A18: =Приложение2!A18 -> Функционирование Правительства Российской Федерации, высших исполнительных органов государственной власти субъектов Российской Федерации, местных администраций | B18: 01 | C18: 04 | I18: =I19+I32 -> 1056.5 | J18: =J19+J32 -> 546.1 | K18: =K19+K32 -> 585.9
A19: =Приложение2!A19 -> Обеспечение деятельности Администрации Константиновского сельского поселения Ромодановского муниципального района Республики Мордовия | B19: 01 | C19: 04 | D19: 65 | I19: =I20 -> 1056 | J19: =J20 -> 545.6 | K19: =K20 -> 585.3
A20: =Приложение2!A20 -> Расходы в рамках обеспечения деятельности Администрации Константиновского сельского поселения | B20: 01 | C20: 04 | D20: 65 | E20: 2 | I20: =I21+I24+I29 -> 1056 | J20: =J24+J21 -> 545.6 | K20: =K24+K21 -> 585.3
A21: =Приложение2!A21 -> Расходы на выплаты по оплате труда работников органов местного самоуправления | B21: 01 | C21: 04 | D21: 65 | E21: 2 | F21: 00 | G21: 41100 | I21: =I22 -> 434 | J21: =J22 -> 406.7 | K21: =K22 -> 450
A22: =Приложение2!A22 -> Расходы на выплаты персоналу в целях обеспечения выполнения функций государственными (муниципальными) органами, казенными учреждениями, органами управления государственными внебюджетными фондами | B22: 01 | C22: 04 | D22: 65 | E22: 2 | F22: 00 | G22: 41100 | H22: 100 | I22: =I23 -> 434 | J22: =J23 -> 406.7 | K22: =K23 -> 450
A23: =Приложение2!A23 -> Расходы на выплаты персоналу государственных (муниципальных) органов | B23: 01 | C23: 04 | D23: 65 | E23: 2 | F23: 00 | G23: 41100 | H23: 120 | I23: =Приложение2!J23 -> 434 | J23: =Приложение2!K23 -> 406.7 | K23: =Приложение2!L23 -> 450
A24: =Приложение2!A24 -> Расходы на обеспечение выполнения функций органов местного самоуправления | B24: 01 | C24: 04 | D24: 65 | E24: 2 | F24: 00 | G24: 41120 | I24: =+I25+I27 -> 522 | J24: =J25+J27 -> 138.9 | K24: =+K25+K27 -> 135.3
A25: Закупка товаров, работ и услуг для обеспечения государственных (муниципальных) нужд | B25: 01 | C25: 04 | D25: 65 | E25: 2 | F25: 00 | G25: 41120 | H25: 200 | I25: =I26 -> 520 | J25: =J26 -> 136.9 | K25: =K26 -> 133.3
A26: Иные закупки товаров, работ и услуг для обеспечения государственных (муниципальных) нужд | B26: 01 | C26: 04 | D26: 65 | E26: 2 | F26: 00 | G26: 41120 | H26: 240 | I26: =Приложение2!J26 -> 520 | J26: =Приложение2!K26 -> 136.9 | K26: =Приложение2!L26 -> 133.3
A27: Иные бюджетные ассигнования | B27: 01 | C27: 04 | D27: 65 | E27: 2 | F27: 00 | G27: 41120 | H27: 800 | I27: =I28 -> 2 | J27: =J28 -> 2 | K27: =K28 -> 2
A28: Уплата налогов, сборов и иных платежей | B28: 01 | C28: 04 | D28: 65 | E28: 2 | F28: 00 | G28: 41120 | H28: 850 | I28: =Приложение2!J28 -> 2 | J28: =Приложение2!K28 -> 2 | K28: =Приложение2!L28 -> 2
A29: =Приложение2!A15 -> Субсидии на со финансирование расходных обязательств по финансовому обеспечению деятельности органов местного самоуправления и муниципальных учреждений | B29: 01 | C29: 04 | D29: 65 | E29: 2 | F29: 00 | G29: 44205 | I29: =I30 -> 100
A30: =Приложение2!A16 -> Расходы на выплаты персоналу в целях обеспечения выполнения функций государственными (муниципальными) органами, казенными учреждениями, органами управления государственными внебюджетными фондами | B30: 01 | C30: 04 | D30: 65 | E30: 2 | F30: 00 | G30: 44205 | H30: 100 | I30: =I31 -> 100
A31: =Приложение2!A17 -> Расходы на выплаты персоналу государственных (муниципальных) органов | B31: 01 | C31: 04 | D31: 65 | E31: 2 | F31: 00 | G31: 44205 | H31: 120 | I31: =Приложение2!J31 -> 100
A32: Непрограммные расходы главных распорядителей средств бюджета Константиновского сельского поселения Ромодановского муниципального района Республики Мордовия | B32: 01 | C32: 04 | D32: 89 | I32: =I33 -> 0.5 | J32: =J33 -> 0.5 | K32: =K33 -> 0.6
A33: Непрограммные расходы в рамках обеспечения деятельности главных распорядителей средств бюджета Константиновского сельского поселения Ромодановского муниципального района Республики Мордовия | B33: 01 | C33: 04 | D33: 89 | E33: 1 | I33: =I34 -> 0.5 | J33: =J34 -> 0.5 | K33: =K34 -> 0.6
A34: Осуществление государственных полномочий Республики Мордовия по определению перечня должностных лиц, уполномоченных составлять протоколы об административных правонарушениях, предусмотренных Законом Республики Мордовия от 15 июня 2015 года № 38-З "Об административной ответственности на территории Республики Мордовия" | B34: 01 | C34: 04 | D34: 89 | E34: 1 | F34: 00 | G34: 77150 | I34: =I35 -> 0.5 | J34: =J35 -> 0.5 | K34: =K35 -> 0.6
A35: Закупка товаров, работ и услуг для обеспечения государственных (муниципальных) нужд | B35: 01 | C35: 04 | D35: 89 | E35: 1 | F35: 00 | G35: 77150 | H35: 200 | I35: =I36 -> 0.5 | J35: =J36 -> 0.5 | K35: =K36 -> 0.6
A36: Иные закупки товаров, работ и услуг для обеспечения государственных (муниципальных) нужд | B36: 01 | C36: 04 | D36: 89 | E36: 1 | F36: 00 | G36: 77150 | H36: 240 | I36: =Приложение2!J36 -> 0.5 | J36: =Приложение2!K36 -> 0.5 | K36: =Приложение2!L36 -> 0.6
A37: Резервные фонды | B37: 01 | C37: 11 | I37: =I38 -> 5 | J37: =J38 -> 5 | K37: =K38 -> 5
A38: Непрограммные расходы главных распорядителей средств бюджета Константиновского сельского поселения Ромодановского муниципального района Республики Мордовия | B38: 01 | C38: 11 | D38: 89 | I38: =I39 -> 5 | J38: =J39 -> 5 | K38: =K39 -> 5
A39: Непрограммные расходы в рамках обеспечения деятельности главных распорядителей средств бюджета Константиновского сельского поселения Ромодановского муниципального района Республики Мордовия | B39: 01 | C39: 11 | D39: 89 | E39: 1 | I39: =I40 -> 5 | J39: =J40 -> 5 | K39: =K40 -> 5
A40: =Приложение2!A40 -> Резервный фонд администрации Константиновского сельского поселения Ромодановского муниципального района Республики Мордовия | B40: 01 | C40: 11 | D40: 89 | E40: 1 | F40: 00 | G40: 41180 | I40: =I42 -> 5 | J40: =J42 -> 5 | K40: =K42 -> 5
A41: Иные бюджетные ассигнования | B41: 01 | C41: 11 | D41: 89 | E41: 1 | F41: 00 | G41: 41180 | H41: 800 | I41: =I42 -> 5 | J41: =J42 -> 5 | K41: =K42 -> 5
A42: Резервные средства | B42: 01 | C42: 11 | D42: 89 | E42: 1 | F42: 00 | G42: 41180 | H42: 870 | I42: =Приложение2!J42 -> 5 | J42: =Приложение2!K42 -> 5 | K42: =Приложение2!L42 -> 5
A43: Национальная оборона | B43: 02 | I43: =I44 -> 217.4 | J43: =J44 -> 243.8 | K43: =K44 -> 311.2
A44: Мобилизационная и вневойсковая подготовка | B44: 02 | C44: 03 | I44: =I45 -> 217.4 | J44: =J45 -> 243.8 | K44: =K45 -> 311.2
A45: =Приложение2!A45 -> Непрограммные расходы главных распорядителей средств бюджета Константиновского сельского поселения Ромодановского муниципального района Республики Мордовия | B45: 02 | C45: 03 | D45: 89 | I45: =I46 -> 217.4 | J45: =J46 -> 243.8 | K45: =K46 -> 311.2
A46: =A39 -> Непрограммные расходы в рамках обеспечения деятельности главных распорядителей средств бюджета Константиновского сельского поселения Ромодановского муниципального района Республики Мордовия | B46: 02 | C46: 03 | D46: 89 | E46: 1 | I46: =I47 -> 217.4 | J46: =J47 -> 243.8 | K46: =K47 -> 311.2
A47: =Приложение2!A47 -> Осуществление государственных полномочий Российской Федерации по воинскому учету в поселениях, на территориях которых отсутствуют структурные подразделения военных комиссариатов | B47: 02 | C47: 03 | D47: 89 | E47: 1 | F47: 00 | G47: 51180 | I47: =I50+I48 -> 217.4 | J47: =J50+J48 -> 243.8 | K47: =K50+K48 -> 311.2
A48: Расходы на выплаты персоналу в целях обеспечения выполнения функций государственными (муниципальными) органами, казенными учреждениями, органами управления государственными внебюджетными фондами | B48: 02 | C48: 03 | D48: 89 | E48: 1 | F48: 00 | G48: 51180 | H48: 100 | I48: =I49 -> 214.4 | J48: =J49 -> 240.8 | K48: =K49 -> 308.2
A49: Расходы на выплаты персоналу государственных (муниципальных) органов | B49: 02 | C49: 03 | D49: 89 | E49: 1 | F49: 00 | G49: 51180 | H49: 120 | I49: =Приложение2!J49 -> 214.4 | J49: =Приложение2!K49 -> 240.8 | K49: =Приложение2!L49 -> 308.2
A50: Закупка товаров, работ и услуг для обеспечения государственных (муниципальных) нужд | B50: 02 | C50: 03 | D50: 89 | E50: 1 | F50: 00 | G50: 51180 | H50: 200 | I50: =I51 -> 3 | J50: =J51 -> 3 | K50: =K51 -> 3
A51: Иные закупки товаров, работ и услуг для обеспечения государственных (муниципальных) нужд | B51: 02 | C51: 03 | D51: 89 | E51: 1 | F51: 00 | G51: 51180 | H51: 240 | I51: =Приложение2!J51 -> 3 | J51: =Приложение2!K51 -> 3 | K51: =Приложение2!L51 -> 3
A52: Национальная экономика | B52: 04 | I52: =I53 -> 528 | J52: =J53 -> 295 | K52: =K53 -> 306
A53: Дорожное хозяйство (дорожные фонды) | B53: 04 | C53: 09 | I53: =I54 -> 528 | J53: =J54 -> 295 | K53: =K54 -> 306
A54: =Приложение2!A54 -> Муниципальная программа «Комплексного развития транспортной инфраструктуры Константиновского сельского поселения Ромодановского муниципального района Республики Мордовия на 2017- 2027 года" | B54: 04 | C54: 09 | D54: 13 | I54: =I55 -> 528 | J54: =J55 -> 295 | K54: =K55 -> 306
A55: =Приложение2!A55 -> Основное мероприятие "Ремонт и содержание дорог в границах поселения, поддержание дорожного полотна в работоспособном состоянии" | B55: 04 | C55: 09 | D55: 13 | E55: 0 | F55: 01 | I55: =I56 -> 528 | J55: =J56 -> 295 | K55: =K56 -> 306
A56: =Приложение2!A56 -> Иные межбюджетные трансферты на осуществление полномочий по дорожной деятельности в отношении автомобильных дорог местного значения в границах населенных пунктов поселения и обеспечению безопасности дорожного движения на них, включая создание и обеспечение функционирования парковок (парковочных мест), осуществлению муниципального контроля на автомобильном транспорте, городском наземном электрическом транспорте и в дорожном хозяйстве в границах населенных пунктов поселения, организации дорожного движения, а также осуществлению иных полномочий в области использования автомобильных дорог и осуществления дорожной деятельности в соответствии с законодательством Российской Федерации | B56: 04 | C56: 09 | D56: 13 | E56: 0 | F56: 01 | G56: 9Д184 | I56: =I57 -> 528 | J56: =J57 -> 295 | K56: =K57 -> 306
A57: Закупка товаров, работ и услуг для обеспечения государственных (муниципальных) нужд | B57: 04 | C57: 09 | D57: 13 | E57: 0 | F57: 01 | G57: 9Д184 | H57: 200 | I57: =I58 -> 528 | J57: =J58 -> 295 | K57: =K58 -> 306
A58: Иные закупки товаров, работ и услуг для обеспечения государственных (муниципальных) нужд | B58: 04 | C58: 09 | D58: 13 | E58: 0 | F58: 01 | G58: 9Д184 | H58: 240 | I58: =Приложение2!J58 -> 528 | J58: =Приложение2!K58 -> 295 | K58: =Приложение2!L58 -> 306
A59: Жилищно-коммунальное хозяйство | B59: 05 | I59: =I66+I60 -> 2002.9 | J59: =J66 -> 89.2 | K59: =K66 -> 35.7
A60: =Приложение2!A60 -> Коммунальное хозяйства | B60: 05 | C60: 02 | I60: =I61 -> 114.1 | J60: 0 | K60: 0
A61: =Приложение2!A61 -> Непрограммные расходы главных распорядителей средств бюджета Константиновского сельского поселения Ромодановского муниципального района Республики Мордовия | B61: 05 | C61: 02 | D61: 89 | I61: =I62 -> 114.1 | J61: 0 | K61: 0
A62: =Приложение2!A62 -> Непрограммные расходы в рамках обеспечения деятельности главных распорядителей средств бюджета Константиновского сельского поселения Ромодановского муниципального района Республики Мордовия | B62: 05 | C62: 02 | D62: 89 | E62: 1 | I62: =I63 -> 114.1 | J62: 0 | K62: 0
A63: =Приложение2!A63 -> Иные межбюджетные трасфертына осуществление полномочий по организации в границах поселения электро-,газо-и водоснабжения населения,водоотведения в пределахполномочий,установленных законодательством Российской Федерации | B63: 05 | C63: 02 | D63: 89 | E63: 1 | F63: 00 | G63: 44101 | I63: =I64 -> 114.1 | J63: 0 | K63: 0
A64: =Приложение2!A64 -> Закупка товаров, работ и услуг для обеспечения государственных (муниципальных) нужд | B64: 05 | C64: 02 | D64: 89 | E64: 1 | F64: 00 | G64: 44101 | H64: 200 | I64: =I65 -> 114.1 | J64: 0 | K64: 0
A65: =Приложение2!A65 -> Иные закупки товаров, работ и услуг для обеспечения государственных (муниципальных) нужд | B65: 05 | C65: 02 | D65: 89 | E65: 1 | F65: 00 | G65: 44101 | H65: 240 | I65: =Приложение2!J65 -> 114.1 | J65: 0 | K65: 0
A66: Благоустройство | B66: 05 | C66: 03 | I66: =I67+I78+I72 -> 1888.8 | J66: =J67 -> 89.2 | K66: =K67 -> 35.7
A67: =Приложение2!A67 -> Муниципальная программа "Комплексного развития социальной инфраструктуры Константиновского сельского поселения Ромодановского муниципального района Республики Мордовия на 2018-2030 года" | B67: 05 | C67: 03 | D67: 10 | I67: =I68 -> 0 | J67: =J68 -> 89.2 | K67: =K68 -> 35.7
A68: Основное мероприятия "Благоустройство территории"" | B68: 05 | C68: 03 | D68: 10 | E68: 0 | F68: 07 | I68: =I69 -> 0 | J68: =J69 -> 89.2 | K68: =K69 -> 35.7
A69: =Приложение2!A73 -> Подпрограмма "Благоустпройство сельских территорий" | B69: 05 | C69: 03 | D69: 10 | E69: 0 | F69: 07 | G69: 43040 | I69: =I70 -> 0 | J69: =J70 -> 89.2 | K69: =K70 -> 35.7
A70: Закупка товаров, работ и услуг для обеспечения государственных (муниципальных) нужд | B70: 05 | C70: 03 | D70: 10 | E70: 0 | F70: 07 | G70: 43040 | H70: 200 | I70: =I71 -> 0 | J70: =J71 -> 89.2 | K70: =K71 -> 35.7
A71: Иные закупки товаров, работ и услуг для обеспечения государственных (муниципальных) нужд | B71: 05 | C71: 03 | D71: 10 | E71: 0 | F71: 07 | G71: 43040 | H71: 240 | I71: 0 | J71: 89.2 | K71: 35.7
A72: =Приложение2!A72 -> Муниципальная программа Константиновского сельского поселения Ромодановского муниципального района Республики Мордовия"Комплексное развитие сельских территорий" | B72: 05 | C72: 03 | D72: 22 | I72: =I73 -> 483.8 | J72: 0 | K72: 0
A73: =Приложение2!A73 -> Подпрограмма "Благоустпройство сельских территорий" | B73: 05 | C73: 03 | D73: 22 | E73: 1 | I73: =I74 -> 483.8 | J73: 0 | K73: 0
A74: =Приложение2!A74 -> Программа создание комфортной среды для проживания граждан,а также развитие эффективной транспортой инфраструкуры. | B74: 05 | C74: 03 | D74: 22 | E74: 1 | F74: 01 | I74: =I75 -> 483.8 | J74: 0 | K74: 0
A75: =Приложение2!A75 -> Благоустройство территорий муниципального образрвания (в части изготовления,установки,капитального ремонта и ремонта памятников воинам,погибшим в годы великой Отечественной войны 1941-1945 годов) | B75: 05 | C75: 03 | D75: 22 | E75: 1 | F75: 01 | G75: S6270 | I75: =I76 -> 483.8 | J75: 0 | K75: 0
A76: =Приложение2!A76 -> Закупка товаров, работ и услуг для обеспечения государственных (муниципальных) нужд | B76: 05 | C76: 03 | D76: 22 | E76: 1 | F76: 01 | G76: S6270 | H76: 200 | I76: =I77 -> 483.8 | J76: 0 | K76: 0
A77: =Приложение2!A77 -> Иные закупки товаров, работ и услуг для обеспечения государственных (муниципальных) нужд | B77: 05 | C77: 03 | D77: 22 | E77: 1 | F77: 01 | G77: S6270 | H77: 240 | I77: =Приложение2!J77 -> 483.8 | J77: 0 | K77: 0
A78: =Приложение2!A78 -> Непрограммные расходы главных распорядителей средств бюджета Константиновского сельского поселения Ромодановского муниципального района Республики Мордовия | B78: 05 | C78: 03 | D78: 89 | I78: =I79+I83 -> 1405
A79: =Приложение2!A79 -> Непрограммные расходы в рамках обеспечения деятельности главных распорядителей средств бюджета Константиновского сельского поселения Ромодановского муниципального района Республики Мордовия | B79: 05 | C79: 03 | D79: 89 | E79: 1 | I79: =I80 -> 281
A80: =Приложение2!A80 -> Организация и содержание мест захоронения | B80: 05 | C80: 03 | D80: 89 | E80: 1 | F80: 00 | G80: 43030 | I80: =I81 -> 281
A81: =Приложение2!A81 -> Закупка товаров, работ и услуг для обеспечения государственных (муниципальных) нужд | B81: 05 | C81: 03 | D81: 89 | E81: 1 | F81: 00 | G81: 43030 | H81: 200 | I81: =I82 -> 281
A82: =Приложение2!A77 -> Иные закупки товаров, работ и услуг для обеспечения государственных (муниципальных) нужд | B82: 05 | C82: 03 | D82: 89 | E82: 1 | F82: 00 | G82: 43030 | H82: 240 | I82: =Приложение2!J81 -> 281
A83: =Приложение2!A83 -> Решение вопросов местного значения,осуществляемое с провлечением средств самообложения граждан | B83: 05 | C83: 03 | D83: 89 | E83: 1 | F83: 00 | G83: 78090 | I83: =I84 -> 1124
A84: =A81 -> Закупка товаров, работ и услуг для обеспечения государственных (муниципальных) нужд | B84: 05 | C84: 03 | D84: 89 | E84: 1 | F84: 00 | G84: 78090 | H84: 200 | I84: =I85 -> 1124
A85: =A82 -> Иные закупки товаров, работ и услуг для обеспечения государственных (муниципальных) нужд | B85: 05 | C85: 03 | D85: 89 | E85: 1 | F85: 00 | G85: 78090 | H85: 240 | I85: =Приложение2!J85 -> 1124
A86: Социальная политика | B86: 10 | I86: =I87 -> 55.3 | J86: =J87 -> 55.3 | K86: =K87 -> 55.3
A87: Пенсионное обеспечение | B87: 10 | C87: 01 | I87: =I88 -> 55.3 | J87: =J88 -> 55.3 | K87: =K88 -> 55.3
A88: Непрограммные расходы главных распорядителей средств бюджета Константиновского сельского поселения Ромодановского муниципального района Республики Мордовия | B88: 10 | C88: 01 | D88: 89 | I88: =I89 -> 55.3 | J88: =J89 -> 55.3 | K88: =K89 -> 55.3
A89: Непрограммные расходы в рамках обеспечения деятельности главных распорядителей средств бюджета Константиновского сельского поселения Ромодановского муниципального района Республики Мордовия | B89: 10 | C89: 01 | D89: 89 | E89: 1 | I89: =I90 -> 55.3 | J89: =J90 -> 55.3 | K89: =K90 -> 55.3
A90: Доплаты к пенсиям муниципальных служащих Республики Мордовия | B90: 10 | C90: 01 | D90: 89 | E90: 1 | F90: 00 | G90: 03010 | I90: =I91 -> 55.3 | J90: =J91 -> 55.3 | K90: =K91 -> 55.3
A91: Социальное обеспечение и иные выплаты населению | B91: 10 | C91: 01 | D91: 89 | E91: 1 | F91: 00 | G91: 03010 | H91: 300 | I91: =I92 -> 55.3 | J91: =J92 -> 55.3 | K91: =K92 -> 55.3
A92: Публичные нормативные социальные выплаты гражданам | B92: 10 | C92: 01 | D92: 89 | E92: 1 | F92: 00 | G92: 03010 | H92: 310 | I92: =Приложение2!J92 -> 55.3 | J92: =Приложение2!K92 -> 55.3 | K92: =Приложение2!L92 -> 55.3
A93: =Приложение2!A93 -> Обслуживание государственного (муниципального)долга | B93: 13 | I93: =I94 -> 1.2 | J93: =J94 -> 1.1 | K93: =K94 -> 1
A94: =Приложение2!A94 -> Обслуживание государственного (муниципального) внутреннего долга | B94: 13 | C94: 01 | I94: =I95 -> 1.2 | J94: =J95 -> 1.1 | K94: =K95 -> 1
A95: =Приложение2!A95 -> Непрограммные расходы главных распорядителей средств бюджета Константиновского сельского поселения Ромодановского муниципального района Республики Мордовия | B95: 13 | C95: 01 | D95: 89 | I95: =I96 -> 1.2 | J95: =J96 -> 1.1 | K95: =K96 -> 1
A96: =Приложение2!A96 -> Непрограммные расходы в рамках обеспечения деятельности главных распорядителей средств бюджета Константиновского сельского поселения Ромодановского муниципального района Республики Мордовия | B96: 13 | C96: 01 | D96: 89 | E96: 1 | I96: =I97 -> 1.2 | J96: =J97 -> 1.1 | K96: =K97 -> 1
A97: =Приложение2!A97 -> Процентные платежи по муниципальному долгу | B97: 13 | C97: 01 | D97: 89 | E97: 1 | F97: 00 | G97: 41240 | I97: =I98 -> 1.2 | J97: =J98 -> 1.1 | K97: =K98 -> 1
A98: =Приложение2!A98 -> Обслуживание государственного (муниципального) долга | B98: 13 | C98: 01 | D98: 89 | E98: 1 | F98: 00 | G98: 41240 | H98: 700 | I98: =I99 -> 1.2 | J98: =J99 -> 1.1 | K98: =K99 -> 1
A99: =Приложение2!A99 -> Обслуживание муниципального долга | B99: 13 | C99: 01 | D99: 89 | E99: 1 | F99: 00 | G99: 41240 | H99: 730 | I99: =Приложение2!J99 -> 1.2 | J99: =Приложение2!K99 -> 1.1 | K99: =Приложение2!L99 -> 1
A100: =Приложение2!A100 -> Условно утвержденные расходы | B100: 99 | J100: =J101 -> 31.7 | K100: =Приложение2!L100 -> 64.8
...

Sheet Приложение 4
I1: Приложение 4 к решению Совета депутатов Константиновского сельского поселения Ромодановского муниципального района Республики Мордовия «О внесении изменений в решение Совета депутатов Константиновского сельского поселения Ромодановского муниципальногорайона Республики Мордовияот 25декабря 2025 г № 2 «О бюджете Константиновского сельского поселения Ромодановского муниципального района Республике Мордовия на 2026 год и на плановый период 2027 и 2028 годов» Приложение 5 к решению Совета депутатов Константиновского сельского поселения Ромодановского муниципального района Республики Мордовия «О бюджете Константиновского сельского поселения Ромодановского муниципального района Республики Мордовия на 2026 год и на плановый период 2027 и 2028 годов»
A2: РАСПРЕДЕЛЕНИЕ БЮДЖЕТНЫХ АССИГНОВАНИЙ БЮДЖЕТА КОНСТАНТИНОВСКОГО СЕЛЬСКОГО ПОСЕЛЕНИЯ РОМОДАНОВСКОГО МУНИЦИПАЛЬНОГО РАЙОНА РЕСПУБЛИКИ МОРДОВИЯ ПО ЦЕЛЕВЫМ СТАТЬЯМ (МУНИЦИПАЛЬНЫМ ПРОГРАММАМ И НЕПРОГРАММНЫМ НАПРАВЛЕНИЯМ ДЕЯТЕЛЬНОСТИ), ГРУППАМ И ПОДГРУППАМ ВИДОВ РАСХОДОВ, РАЗДЕЛАМ И ПОДРАЗДЕЛАМ КЛАССИФИКАЦИИ РАСХОДОВ БЮДЖЕТОВ НА 2026 ГОД И НА ПЛАНОВЫЙ ПЕРИОД 2027 И 2028 ГОДОВ
I3: (тыс. рублей)
A4: Наименование | B4: Цср | F4: ВР | G4: Рз | H4: Прз | I4: Адм | J4: Сумма
J5: 2026 год | K5: 2027 год | L5: 2028 год
A6: 1 | B6: 2 | C6: 3 | D6: 4 | E6: 5 | F6: 6 | G6: 7 | H6: 8 | I6: 9 | J6: 10 | K6: 11 | L6: 12
A7: ВСЕГО | J7: =J8+J16+J33+J77+J24 -> 4588.8 | K7: =K8+K16+K33+K77 -> 1806.1 | L7: =L8+L16+L33+L77 -> 1914.8
A8: ='Приложение 3'!A67 -> Муниципальная программа "Комплексного развития социальной инфраструктуры Константиновского сельского поселения Ромодановского муниципального района Республики Мордовия на 2018-2030 года" | B8: 10 | J8: =J9 -> 0 | K8: =K9 -> 89.2 | L8: =L9 -> 35.7
A9: Основное мероприятия "Благоустройство территории"" | B9: 10 | C9: 0 | D9: 07 | J9: =J10 -> 0 | K9: =K10 -> 89.2 | L9: =L10 -> 35.7
A10: =Приложение2!A73 -> Подпрограмма "Благоустпройство сельских территорий" | B10: 10 | C10: 0 | D10: 07 | E10: 43040 | J10: =J11 -> 0 | K10: =K11 -> 89.2 | L10: =L11 -> 35.7
A11: Закупка товаров, работ и услуг для обеспечения государственных (муниципальных) нужд | B11: 10 | C11: 0 | D11: 07 | E11: 43040 | F11: 200 | J11: =J12 -> 0 | K11: =K12 -> 89.2 | L11: =L12 -> 35.7
A12: Иные закупки товаров, работ и услуг для обеспечения государственных (муниципальных) нужд | B12: 10 | C12: 0 | D12: 07 | E12: 43040 | F12: 240 | J12: =J13 -> 0 | K12: =K13 -> 89.2 | L12: =L13 -> 35.7
A13: Жилищно-коммунальное хозяйство | B13: 10 | C13: 0 | D13: 07 | E13: 43040 | F13: 240 | G13: 05 | J13: =J14 -> 0 | K13: =K14 -> 89.2 | L13: =L14 -> 35.7
A14: Благоустройство | B14: 10 | C14: 0 | D14: 07 | E14: 43040 | F14: 240 | G14: 05 | H14: 03 | J14: =J15 -> 0 | K14: =K15 -> 89.2 | L14: =L15 -> 35.7
A15: Администрация Константиновского сельского поселения Ромодановского муниципального района Республики Мордовия | B15: 10 | C15: 0 | D15: 07 | E15: 43040 | F15: 240 | G15: 05 | H15: 03 | I15: 914 | J15: 0 | K15: 89.2 | L15: 35.7
A16: =Приложение2!A54 -> Муниципальная программа «Комплексного развития транспортной инфраструктуры Константиновского сельского поселения Ромодановского муниципального района Республики Мордовия на 2017- 2027 года" | B16: 13 | J16: =J17 -> 528 | K16: =K17 -> 295 | L16: =L17 -> 306
A17: Основное мероприятие "Ремонт и содержание дорог в границах поселения, поддержание дорожного полотна в работоспособном состоянии" | B17: 13 | C17: 0 | D17: 01 | J17: =J18 -> 528 | K17: =K18 -> 295 | L17: =L18 -> 306
A18: =Приложение2!A56 -> Иные межбюджетные трансферты на осуществление полномочий по дорожной деятельности в отношении автомобильных дорог местного значения в границах населенных пунктов поселения и обеспечению безопасности дорожного движения на них, включая создание и обеспечение функционирования парковок (парковочных мест), осуществлению муниципального контроля на автомобильном транспорте, городском наземном электрическом транспорте и в дорожном хозяйстве в границах населенных пунктов поселения, организации дорожного движения, а также осуществлению иных полномочий в области использования автомобильных дорог и осуществления дорожной деятельности в соответствии с законодательством Российской Федерации | B18: 13 | C18: 0 | D18: 01 | E18: 9Д184 | J18: =J19 -> 528 | K18: =K19 -> 295 | L18: =L19 -> 306
A19: Закупка товаров, работ и услуг для обеспечения государственных (муниципальных) нужд | B19: 13 | C19: 0 | D19: 01 | E19: 9Д184 | F19: 200 | J19: =J20 -> 528 | K19: =K20 -> 295 | L19: =L20 -> 306
A20: Иные закупки товаров, работ и услуг для обеспечения государственных (муниципальных) нужд | B20: 13 | C20: 0 | D20: 01 | E20: 9Д184 | F20: 240 | J20: =J21 -> 528 | K20: =K21 -> 295 | L20: =L21 -> 306
A21: Национальная экономика | B21: 13 | C21: 0 | D21: 01 | E21: 9Д184 | F21: 240 | G21: 04 | J21: =J22 -> 528 | K21: =K22 -> 295 | L21: =L22 -> 306
A22: =Приложение2!A53 -> Дорожное хозяйство (дорожные фонды) | B22: 13 | C22: 0 | D22: 01 | E22: 9Д184 | F22: 240 | G22: 04 | H22: 09 | J22: =J23 -> 528 | K22: =K23 -> 295 | L22: =L23 -> 306
A23: Администрация Константиновского сельского поселения Ромодановского муниципального района Республики Мордовия | B23: 13 | C23: 0 | D23: 01 | E23: 9Д184 | F23: 240 | G23: 04 | H23: 09 | I23: 914 | J23: =Приложение2!J58 -> 528 | K23: =Приложение2!K58 -> 295 | L23: =Приложение2!L58 -> 306
A24: =Приложение2!A72 -> Муниципальная программа Константиновского сельского поселения Ромодановского муниципального района Республики Мордовия"Комплексное развитие сельских территорий" | B24: 22 | J24: =J25 -> 483.8
A25: =Приложение2!A73 -> Подпрограмма "Благоустпройство сельских территорий" | B25: 22 | C25: 1 | J25: =J26 -> 483.8
A26: =Приложение2!A74 -> Программа создание комфортной среды для проживания граждан,а также развитие эффективной транспортой инфраструкуры. | B26: 22 | C26: 1 | D26: 01 | J26: =J27 -> 483.8
A27: =Приложение2!A75 -> Благоустройство территорий муниципального образрвания (в части изготовления,установки,капитального ремонта и ремонта памятников воинам,погибшим в годы великой Отечественной войны 1941-1945 годов) | B27: 22 | C27: 1 | D27: 01 | E27: S6270 | J27: =J28 -> 483.8
A28: =Приложение2!A76 -> Закупка товаров, работ и услуг для обеспечения государственных (муниципальных) нужд | B28: 22 | C28: 1 | D28: 01 | E28: S6270 | F28: 200 | J28: =J29 -> 483.8
A29: =Приложение2!A77 -> Иные закупки товаров, работ и услуг для обеспечения государственных (муниципальных) нужд | B29: 22 | C29: 1 | D29: 01 | E29: S6270 | F29: 240 | J29: =J30 -> 483.8
A30: =Приложение2!A59 -> Жилищно-коммунальное хозяйство | B30: 22 | C30: 1 | D30: 01 | E30: S6270 | F30: 240 | G30: 05 | J30: =J31 -> 483.8
A31: =Приложение2!A66 -> Благоустройство | B31: 22 | C31: 1 | D31: 01 | E31: S6270 | F31: 240 | G31: 05 | H31: 03 | J31: =J32 -> 483.8
A32: =A23 -> Администрация Константиновского сельского поселения Ромодановского муниципального района Республики Мордовия | B32: 22 | C32: 1 | D32: 01 | E32: S6270 | F32: 240 | G32: 05 | H32: 03 | I32: 914 | J32: =Приложение2!J77 -> 483.8
A33: =Приложение2!A10 -> Обеспечение деятельности Администрации Константиновского сельского поселения Ромодановского муниципального района Республики Мордовия | B33: 65 | J33: =J34+J53+J47 -> 1778.5 | K33: =K34+K53 -> 1116.2 | L33: =L34+L53 -> 1200
A34: Высшее должностное лицо | B34: 65 | C34: 1 | J34: =J35 -> 620.5 | K34: =K35+K41 -> 570.6 | L34: =L35 -> 614.7
A35: Расходы на выплаты по оплате труда высшего должностного лица | B35: 65 | C35: 1 | D35: 00 | E35: 41150 | J35: =J36 -> 620.5 | K35: =K36 -> 538.9 | L35: =L36+L41 -> 614.7
A36: Расходы на выплаты персоналу в целях обеспечения выполнения функций государственными (муниципальными) органами, казенными учреждениями, органами управления государственными внебюджетными фондами | B36: 65 | C36: 1 | D36: 00 | E36: 41150 | F36: 100 | J36: =J37 -> 620.5 | K36: =K37 -> 538.9 | L36: =L37 -> 549.9
A37: Расходы на выплаты персоналу государственных (муниципальных) органов | B37: 65 | C37: 1 | D37: 00 | E37: 41150 | F37: 120 | J37: =J38 -> 620.5 | K37: =K38 -> 538.9 | L37: =L38 -> 549.9
A38: Общегосударственные вопросы | B38: 65 | C38: 1 | D38: 00 | E38: 41150 | F38: 120 | G38: 01 | J38: =J39 -> 620.5 | K38: =K39 -> 538.9 | L38: =L39 -> 549.9
A39: Функционирование высшего должностного лица субъекта Российской Федерации и муниципального образования | B39: 65 | C39: 1 | D39: 00 | E39: 41150 | F39: 120 | G39: 01 | H39: 02 | J39: =J40 -> 620.5 | K39: =K40 -> 538.9 | L39: =L40 -> 549.9
A40: Администрация Константиновского сельского поселения Ромодановского муниципального района Республики Мордовия | B40: 65 | C40: 1 | D40: 00 | E40: 41150 | F40: 120 | G40: 01 | H40: 02 | I40: 914 | J40: =Приложение2!J14 -> 620.5 | K40: =Приложение2!K14 -> 538.9 | L40: =Приложение2!L14 -> 549.9
A41: ='Приложение 3'!A104 -> Условно утвержденные расходы | B41: 65 | C41: 1 | D41: 00 | E41: 41990 | K41: =K42 -> 31.7 | L41: =L42 -> 64.8
A42: ='Приложение 3'!A105 -> Иные бюджетные ассигнования | B42: 65 | C42: 1 | D42: 00 | E42: 41990 | F42: 800 | K42: =K43 -> 31.7 | L42: =L43 -> 64.8
A43: ='Приложение 3'!A106 -> Резервные средства | B43: 65 | C43: 1 | D43: 00 | E43: 41990 | F43: 870 | K43: =K44 -> 31.7 | L43: =L44 -> 64.8
A44: ='Приложение 3'!A100 -> Условно утвержденные расходы | B44: 65 | C44: 1 | D44: 00 | E44: 41990 | F44: 870 | G44: 99 | K44: =K45 -> 31.7 | L44: =L45 -> 64.8
A45: =A44 -> Условно утвержденные расходы | B45: 65 | C45: 1 | D45: 00 | E45: 41990 | F45: 870 | G45: 99 | H45: 99 | K45: =K46 -> 31.7 | L45: =L46 -> 64.8
A46: Администрация Константиновского сельского поселения Ромодановского муниципального района Республики Мордовия | B46: 65 | C46: 1 | D46: 00 | E46: 41990 | F46: 870 | G46: 99 | H46: 99 | I46: 914 | K46: ='Приложение 3'!J106 -> 31.7 | L46: ='Приложение 3'!K106 -> 64.8
A47: =Приложение2!A15 -> Субсидии на со финансирование расходных обязательств по финансовому обеспечению деятельности органов местного самоуправления и муниципальных учреждений | B47: 65 | C47: 1 | D47: 00 | E47: 44205 | J47: =J48 -> 102
A48: =Приложение2!A16 -> Расходы на выплаты персоналу в целях обеспечения выполнения функций государственными (муниципальными) органами, казенными учреждениями, органами управления государственными внебюджетными фондами | B48: 65 | C48: 1 | D48: 00 | E48: 44205 | F48: 100 | J48: =J49 -> 102
A49: =Приложение2!A14 -> Расходы на выплаты персоналу государственных (муниципальных) органов | B49: 65 | C49: 1 | D49: 00 | E49: 44205 | F49: 120 | J49: =J50 -> 102
A50: =Приложение2!A8 -> Общегосударственные вопросы | B50: 65 | C50: 1 | D50: 00 | E50: 44205 | F50: 120 | G50: 01 | J50: =J51 -> 102
A51: =Приложение2!A9 -> Функционирование высшего должностного лица субъекта Российской Федерации и муниципального образования | B51: 65 | C51: 1 | D51: 00 | E51: 44205 | F51: 120 | G51: 01 | H51: 02 | J51: =J52 -> 102
A52: =A59 -> Администрация Константиновского сельского поселения Ромодановского муниципального района Республики Мордовия | B52: 65 | C52: 1 | D52: 00 | E52: 44205 | F52: 120 | G52: 01 | H52: 02 | I52: 914 | J52: =Приложение2!J17 -> 102
A53: =Приложение2!A20 -> Расходы в рамках обеспечения деятельности Администрации Константиновского сельского поселения | B53: 65 | C53: 2 | J53: =J54+J60+J71 -> 1056 | K53: =K54+K60 -> 545.6 | L53: =L54+L60 -> 585.3
A54: =Приложение2!A21 -> Расходы на выплаты по оплате труда работников органов местного самоуправления | B54: 65 | C54: 2 | D54: 00 | E54: 41100 | J54: =J55 -> 434 | K54: =K55 -> 406.7 | L54: =L55 -> 450
A55: =Приложение2!A22 -> Расходы на выплаты персоналу в целях обеспечения выполнения функций государственными (муниципальными) органами, казенными учреждениями, органами управления государственными внебюджетными фондами | B55: 65 | C55: 2 | D55: 00 | E55: 41100 | F55: 100 | J55: =J56 -> 434 | K55: =K56 -> 406.7 | L55: =L56 -> 450
A56: =Приложение2!A23 -> Расходы на выплаты персоналу государственных (муниципальных) органов | B56: 65 | C56: 2 | D56: 00 | E56: 41100 | F56: 120 | J56: =J57 -> 434 | K56: =K57 -> 406.7 | L56: =L57 -> 450
A57: =A63 -> Общегосударственные вопросы | B57: 65 | C57: 2 | D57: 00 | E57: 41100 | F57: 120 | G57: 01 | J57: =J58 -> 434 | K57: =K58 -> 406.7 | L57: =L58 -> 450
A58: =A64 -> Функционирование Правительства Российской Федерации, высших исполнительных органов государственной власти субъектов Российской Федерации, местных администраций | B58: 65 | C58: 2 | D58: 00 | E58: 41100 | F58: 120 | G58: 01 | H58: 04 | J58: =J59 -> 434 | K58: =K59 -> 406.7 | L58: =L59 -> 450
A59: =A65 -> Администрация Константиновского сельского поселения Ромодановского муниципального района Республики Мордовия | B59: 65 | C59: 2 | D59: 00 | E59: 41100 | F59: 120 | G59: 01 | H59: 04 | I59: 914 | J59: =Приложение2!J23 -> 434 | K59: =Приложение2!K22 -> 406.7 | L59: =Приложение2!L23 -> 450
A60: =Приложение2!A24 -> Расходы на обеспечение выполнения функций органов местного самоуправления | B60: 65 | C60: 2 | D60: 00 | E60: 41120 | J60: =J61+J66 -> 522 | K60: =K61+K66 -> 138.9 | L60: =L61+L66 -> 135.3
A61: Закупка товаров, работ и услуг для обеспечения государственных (муниципальных) нужд | B61: 65 | C61: 2 | D61: 00 | E61: 41120 | F61: 200 | J61: =J62 -> 520 | K61: =K62 -> 136.9 | L61: =L62 -> 133.3
A62: Иные закупки товаров, работ и услуг для обеспечения государственных (муниципальных) нужд | B62: 65 | C62: 2 | D62: 00 | E62: 41120 | F62: 240 | J62: =J63 -> 520 | K62: =K63 -> 136.9 | L62: =L63 -> 133.3
A63: Общегосударственные вопросы | B63: 65 | C63: 2 | D63: 00 | E63: 41120 | F63: 240 | G63: 01 | J63: =J64 -> 520 | K63: =K64 -> 136.9 | L63: =L64 -> 133.3
A64: Функционирование Правительства Российской Федерации, высших исполнительных органов государственной власти субъектов Российской Федерации, местных администраций | B64: 65 | C64: 2 | D64: 00 | E64: 41120 | F64: 240 | G64: 01 | H64: 04 | J64: =J65 -> 520 | K64: =K65 -> 136.9 | L64: =L65 -> 133.3
A65: Администрация Константиновского сельского поселения Ромодановского муниципального района Республики Мордовия | B65: 65 | C65: 2 | D65: 00 | E65: 41120 | F65: 240 | G65: 01 | H65: 04 | I65: 914 | J65: =Приложение2!J26 -> 520 | K65: =Приложение2!K26 -> 136.9 | L65: =Приложение2!L26 -> 133.3
A66: Иные бюджетные ассигнования | B66: 65 | C66: 2 | D66: 00 | E66: 41120 | F66: 800 | J66: =J67 -> 2 | K66: =K67 -> 2 | L66: =L67 -> 2
A67: Уплата налогов, сборов и иных платежей | B67: 65 | C67: 2 | D67: 00 | E67: 41120 | F67: 850 | J67: =J68 -> 2 | K67: =K68 -> 2 | L67: =L68 -> 2
A68: Общегосударственные вопросы | B68: 65 | C68: 2 | D68: 00 | E68: 41120 | F68: 850 | G68: 01 | J68: =J69 -> 2 | K68: =K69 -> 2 | L68: =L69 -> 2
A69: Функционирование Правительства Российской Федерации, высших исполнительных органов государственной власти субъектов Российской Федерации, местных администраций | B69: 65 | C69: 2 | D69: 00 | E69: 41120 | F69: 850 | G69: 01 | H69: 04 | J69: =J70 -> 2 | K69: =K70 -> 2 | L69: =L70 -> 2
A70: Администрация Константиновского сельского поселения Ромодановского муниципального района Республики Мордовия | B70: 65 | C70: 2 | D70: 00 | E70: 41120 | F70: 850 | G70: 01 | H70: 04 | I70: 914 | J70: =Приложение2!J28 -> 2 | K70: =Приложение2!K28 -> 2 | L70: =Приложение2!L28 -> 2
A71: =Приложение2!A29 -> Субсидии на со финансирование расходных обязательств по финансовому обеспечению деятельности органов местного самоуправления и муниципальных учреждений | B71: 65 | C71: 2 | D71: 00 | E71: 44205 | J71: =J72 -> 100
A72: =Приложение2!A30 -> Расходы на выплаты персоналу в целях обеспечения выполнения функций государственными (муниципальными) органами, казенными учреждениями, органами управления государственными внебюджетными фондами | B72: 65 | C72: 2 | D72: 00 | E72: 44205 | F72: 100 | J72: =J73 -> 100
A73: =Приложение2!A31 -> Расходы на выплаты персоналу государственных (муниципальных) органов | B73: 65 | C73: 2 | D73: 00 | E73: 44205 | F73: 120 | J73: =J74 -> 100
A74: =A63 -> Общегосударственные вопросы | B74: 65 | C74: 2 | D74: 00 | E74: 44205 | F74: 120 | G74: 01 | J74: =J75 -> 100
A75: =A64 -> Функционирование Правительства Российской Федерации, высших исполнительных органов государственной власти субъектов Российской Федерации, местных администраций | B75: 65 | C75: 2 | D75: 00 | E75: 44205 | F75: 120 | G75: 01 | H75: 04 | J75: =J76 -> 100
A76: =A65 -> Администрация Константиновского сельского поселения Ромодановского муниципального района Республики Мордовия | B76: 65 | C76: 2 | D76: 00 | E76: 44205 | F76: 120 | G76: 01 | H76: 04 | I76: 914 | J76: =Приложение2!J31 -> 100
A77: =Приложение2!A88 -> Непрограммные расходы главных распорядителей средств бюджета Константиновского сельского поселения Ромодановского муниципального района Республики Мордовия | B77: 89 | J77: =J78 -> 1798.5 | K77: =K78 -> 305.7 | L77: =L78 -> 373.1
A78: =Приложение2!A89 -> Непрограммные расходы в рамках обеспечения деятельности главных распорядителей средств бюджета Константиновского сельского поселения Ромодановского муниципального района Республики Мордовия | B78: 89 | C78: 1 | J78: =J79+J85+J120+J91+J109+J97+J126+J103 -> 1798.5 | K78: =K79+K85+K120+K91+K109 -> 305.7 | L78: =L79+L85+L120+L91+L109 -> 373.1
A79: =Приложение2!A90 -> Доплаты к пенсиям муниципальных служащих Республики Мордовия | B79: 89 | C79: 1 | D79: 00 | E79: 03010 | J79: =J80 -> 55.3 | K79: =K80 -> 55.3 | L79: =L80 -> 55.3
A80: =Приложение2!A91 -> Социальное обеспечение и иные выплаты населению | B80: 89 | C80: 1 | D80: 00 | E80: 03010 | F80: 300 | J80: =J81 -> 55.3 | K80: =K81 -> 55.3 | L80: =L81 -> 55.3
A81: =Приложение2!A92 -> Публичные нормативные социальные выплаты гражданам | B81: 89 | C81: 1 | D81: 00 | E81: 03010 | F81: 310 | J81: =J82 -> 55.3 | K81: =K82 -> 55.3 | L81: =L82 -> 55.3
A82: =Приложение2!A86 -> Социальная политика | B82: 89 | C82: 1 | D82: 00 | E82: 03010 | F82: 310 | G82: 10 | J82: =J84 -> 55.3 | K82: =K83 -> 55.3 | L82: =L83 -> 55.3
A83: =Приложение2!A87 -> Пенсионное обеспечение | B83: 89 | C83: 1 | D83: 00 | E83: 03010 | F83: 310 | G83: 10 | H83: 01 | J83: =J84 -> 55.3 | K83: =K84 -> 55.3 | L83: =L84 -> 55.3
A84: =A70 -> Администрация Константиновского сельского поселения Ромодановского муниципального района Республики Мордовия | B84: 89 | C84: 1 | D84: 00 | E84: 03010 | F84: 310 | G84: 10 | H84: 01 | I84: 914 | J84: =Приложение2!J92 -> 55.3 | K84: =Приложение2!K92 -> 55.3 | L84: =Приложение2!L92 -> 55.3
A85: =Приложение2!A40 -> Резервный фонд администрации Константиновского сельского поселения Ромодановского муниципального района Республики Мордовия | B85: 89 | C85: 1 | D85: 00 | E85: 41180 | J85: =J86 -> 5 | K85: =K86 -> 5 | L85: =L86 -> 5
A86: =Приложение2!A41 -> Иные бюджетные ассигнования | B86: 89 | C86: 1 | D86: 00 | E86: 41180 | F86: 800 | J86: =J87 -> 5 | K86: =K87 -> 5 | L86: =L87 -> 5
A87: =Приложение2!A42 -> Резервные средства | B87: 89 | C87: 1 | D87: 00 | E87: 41180 | F87: 870 | J87: =J88 -> 5 | K87: =K88 -> 5 | L87: =L88 -> 5
A88: =Приложение2!A8 -> Общегосударственные вопросы | B88: 89 | C88: 1 | D88: 00 | E88: 41180 | F88: 870 | G88: 01 | J88: =J89 -> 5 | K88: =K89 -> 5 | L88: =L89 -> 5
A89: =Приложение2!A37 -> Резервные фонды | B89: 89 | C89: 1 | D89: 00 | E89: 41180 | F89: 870 | G89: 01 | H89: 11 | J89: =J90 -> 5 | K89: =K90 -> 5 | L89: =L90 -> 5
A90: =A84 -> Администрация Константиновского сельского поселения Ромодановского муниципального района Республики Мордовия | B90: 89 | C90: 1 | D90: 00 | E90: 41180 | F90: 870 | G90: 01 | H90: 11 | I90: 914 | J90: =Приложение2!J42 -> 5 | K90: =Приложение2!K42 -> 5 | L90: =Приложение2!L42 -> 5
A91: =Приложение2!A97 -> Процентные платежи по муниципальному долгу | B91: 89 | C91: 1 | D91: 00 | E91: 41240 | J91: =J92 -> 1.2 | K91: =K92 -> 1.1 | L91: =L92 -> 1
A92: =Приложение2!A98 -> Обслуживание государственного (муниципального) долга | B92: 89 | C92: 1 | D92: 00 | E92: 41240 | F92: 700 | J92: =J93 -> 1.2 | K92: =K93 -> 1.1 | L92: =L93 -> 1
A93: =Приложение2!A99 -> Обслуживание муниципального долга | B93: 89 | C93: 1 | D93: 00 | E93: 41240 | F93: 730 | J93: =J94 -> 1.2 | K93: =K94 -> 1.1 | L93: =L94 -> 1
A94: =Приложение2!A8 -> Общегосударственные вопросы | B94: 89 | C94: 1 | D94: 00 | E94: 41240 | F94: 730 | G94: 01 | J94: =J95 -> 1.2 | K94: =K95 -> 1.1 | L94: =L95 -> 1
A95: =Приложение2!A93 -> Обслуживание государственного (муниципального)долга | B95: 89 | C95: 1 | D95: 00 | E95: 41240 | F95: 730 | G95: 01 | H95: 13 | J95: =J96 -> 1.2 | K95: =K96 -> 1.1 | L95: =L96 -> 1
A96: =A90 -> Администрация Константиновского сельского поселения Ромодановского муниципального района Республики Мордовия | B96: 89 | C96: 1 | D96: 00 | E96: 41240 | F96: 730 | G96: 01 | H96: 13 | I96: 914 | J96: =Приложение2!J99 -> 1.2 | K96: =Приложение2!K99 -> 1.1 | L96: =Приложение2!L99 -> 1
A97: =Приложение2!A80 -> Организация и содержание мест захоронения | B97: 89 | C97: 1 | D97: 00 | E97: 43030 | J97: =J98 -> 281
A98: =Приложение2!A81 -> Закупка товаров, работ и услуг для обеспечения государственных (муниципальных) нужд | B98: 89 | C98: 1 | D98: 00 | E98: 43030 | F98: 200 | J98: =J99 -> 281
A99: =Приложение2!A82 -> Иные закупки товаров, работ и услуг для обеспечения государственных (муниципальных) нужд | B99: 89 | C99: 1 | D99: 00 | E99: 43030 | F99: 240 | J99: =J100 -> 281
A100: =Приложение2!A59 -> Жилищно-коммунальное хозяйство | B100: 89 | C100: 1 | D100: 00 | E100: 43030 | F100: 240 | G100: 05 | J100: =J101 -> 281
...

Sheet прил 5
C2: Приложение 5 к решению Совета депутатов Константиновского сельского поселения Ромодановского муниципального района Республики Мордовия «О внесении изменений в решение Совета депутатов Константиновского сельского поселения Ромодановского муниципального района Республики Мордовия от 25 декабря 2025 г № 2 «О бюджете Константиновского сельского поселения Ромодановского муниципального района Республики Мордовия на 2026 год и на плановый период 2027 и 2028 годов» Приложение 6 к решению Совета депутатов Константиновского сельского поселенияРомодановского муниципального района Республики Мордовия «О бюджете Константиновского сельского поселения Ромодановского муниципального района Республики Мордовия на 2026 год и на плановый период 2027 и 2028 годов»
A3: ИСТОЧНИКИ ВНУТРЕННЕГО ФИНАНСИРОВАНИЯ ДЕФИЦИТА БЮДЖЕТА КОНСТАНТИНОВСКОГО СЕЛЬСКОГО ПОСЕЛЕНИЯ РОМОДАНОВСКОГО МУНИЦИПАЛЬНОГО РАЙОНА РЕСПУБЛИКИ МОРДОВИЯ НА 2026 ГОД И НА ПЛАНОВЫЙ ПЕРИОД 2027 и 2028 ГОДОВ
A7: Код | B7: Наименование кода группы, подгруппы, статьи, вида источника финансирования дефицитов бюджетов, кода классификации операций сектора государственного управления, относящихся к источникам финансирования дефицитов бюджетов Российской Федерации | C7: Сумма (тыс. руб.)
C8: 2026 год | D8: 2027 год | E8: 2028 год
A9: 1 | B9: 2 | C9: 3 | D9: 4 | E9: 5
A10: 000 01 00 00 00 00 0000 000 | B10: ИСТОЧНИКИ ВНУТРЕННЕГО ФИНАНСИРОВАНИЯ ДЕФИЦИТОВ БЮДЖЕТОВ | C10: =C11+C22+C14+C18 -> 30.8 | D10: =D11+D22+D14+D18 -> -60.8 | E10: =E11+E22+E14+E18 -> -72.9
A11: 000 01 02 00 00 00 0000 000 | B11: Кредиты кредитных организаций в валюте Российской Федерации | C11: =SUM(C12) -> 0 | D11: =SUM(D12) -> 0 | E11: =SUM(E12) -> 0
A12: 000 01 02 00 00 00 0000 700 | B12: Привлечение кредитов от кредитных организаций в валюте Российской Федерации | C12: =SUM(C13) -> 0 | D12: =SUM(D13) -> 0 | E12: =SUM(E13) -> 0
A13: 000 01 02 00 00 05 0000 710 | B13: Привлечение кредитов от кредитных организаций бюджетами муниципальных районов в валюте Российской Федерации | C13: 0 | D13: 0 | E13: 0
A14: 000 01 03 00 00 00 0000 000 | B14: Бюджетные кредиты из других бюджетов бюджетной системы Российской Федерации | C14: =C15 -> -48.6 | D14: =D15 -> -60.8 | E14: =E15 -> -72.9
A15: 000 01 03 01 00 00 0000 000 | B15: Бюджетные кредиты из других бюджетов бюджетной системы Российской Федерации в валюте Российской Федерации | C15: =C16 -> -48.6 | D15: =D16 -> -60.8 | E15: =E16 -> -72.9
A16: 000 01 03 01 00 00 0000 800 | B16: Погашение бюджетных кредитов, полученных из других бюджетов бюджетной системы Российской Федерации в валюте Российской Федерации | C16: =SUM(C17) -> -48.6 | D16: =SUM(D17) -> -60.8 | E16: =SUM(E17) -> -72.9
A17: 000 01 03 01 00 10 0000 810 | B17: Погашение бюджетами сельских поселений кредитов из других бюджетов бюджетной системы Российской Федерации в валюте Российской Федерации | C17: -48.6 | D17: -60.8 | E17: -72.9
A18: 000 01 06 00 00 00 0000 000 | B18: Иные источники внутреннего финансирования дефицитов бюджетов | C18: =C19 -> 0 | D18: =D19 -> 0 | E18: =E19 -> 0
A19: 000 01 06 05 00 00 0000 000 | B19: Бюджетные кредиты, предоставленные внутри страны в валюте Российской Федерации | C19: =C20 -> 0 | D19: =D20 -> 0 | E19: =E20 -> 0
A20: 000 01 06 05 02 00 0000 600 | B20: Возврат бюджетных кредитов, предоставленных другим бюджетам бюджетной системы Российской Федерации в валюте Российской Федерации | C20: =C21 -> 0 | D20: =D21 -> 0 | E20: =E21 -> 0
A21: 000 01 06 05 02 05 0000 640 | B21: Возврат бюджетных кредитов, предоставленных другим бюджетам бюджетной системы Российской Федерации из бюджетов муниципальных районов в валюте Российской Федерации | C21: 0 | D21: 0 | E21: 0
A22: 000 01 05 00 00 00 0000 000 | B22: Изменения остатков средств на счетах по учету средств бюджета | C22: =C23+C26 -> 79.4 | D22: =D23+D26 -> 0 | E22: =E23+E26 -> 0
A23: 000 01 05 02 00 00 0000 500 | B23: Увеличение прочих остатков средств бюджетов | C23: =SUM(C24) -> -4558 | D23: =D24 -> -1866.9 | E23: =SUM(E24) -> -1987.7
A24: 000 01 05 02 01 00 0000 510 | B24: Увеличение прочих остатков денежных средств бюджетов | C24: =SUM(C25) -> -4558 | D24: =SUM(D25) -> -1866.9 | E24: =SUM(E25) -> -1987.7
A25: 000 01 05 02 01 10 0000 510 | B25: Увеличение прочих остатков денежных средств бюджетов сельских поселений | C25: -4558 | D25: -1866.9 | E25: -1987.7
A26: 000 01 05 02 00 00 0000 600 | B26: Уменьшение прочих остатков средств бюджетов | C26: =SUM(C27) -> 4637.4 | D26: =SUM(D27) -> 1866.9 | E26: =SUM(E27) -> 1987.7
A27: 000 01 05 02 01 00 0000 610 | B27: Уменьшение прочих остатков денежных средств бюджетов | C27: =SUM(C28) -> 4637.4 | D27: =SUM(D28) -> 1866.9 | E27: =SUM(E28) -> 1987.7
A28: 000 01 05 02 01 05 0000 610 | B28: Уменьшение прочих остатков денежных средств бюджетов муниципальных районов | C28: 4637.4 | D28: 1866.9 | E28: 1987.7
A29: 000 01 00 00 00 00 0000 000 | B29: Итого источников внутреннего финансирования дефицита бюджета Константиновского сельского поселения Ромодановского муниципального района Республики Мордовия | C29: 0 | D29: 0 | E29: 0
B30: собственные доходы | C30: 965.5 | D30: 705 | E30: 729.9

Sheet прил6
D3: Приложение 6 к решению Совета депутатов Константиновского сельского поселения Ромодановского муниципального района Республики Мордовия «О внесении изменений в решение Совета депутатов Константиновского сельского поселения Ромодановского муниципального района Республики Мордовия от 25 декабря 2025 г № 2 «О бюджете Константиновского сельского поселения Ромодановского муниципального района Республики Мордовия на 2026 год и на плановый период 2027 и 2028 годов» Приложение 7 к решению Совета депутатов Константиновского сельского поселения Ромодановского муниципального района Республики Мордовия «О бюджете Константиновского сельского поселения Ромодановского муниципального района Республики Мордовия на 2026 год и на плановый период 2027 и 2028 годов»
A4: ПРОГРАММА МУНИЦИПАЛЬНЫХ ВНУТРЕННИХ ЗАИМСТВОВАНИЙ КОНСТАНТИНОВСКОГО СЕЛЬСКОГО ПОСЕЛЕНИЯ РОМОДАНОВСКОГО МУНИЦИПАЛЬНОГО РАЙОНА РЕСПУБЛИКИ МОРДОВИЯ НА 2026 ГОД И НА ПЛАНОВЫЙ ПЕРИОД 2027 И 2028 ГОДОВ
A8: № п/п | B8: ВИДЫ ЗАИМСТВОВАНИЙ | C8: Сумма (тыс. рублей)
C9: 2026 год | D9: 2027 год | E9: 2028 год
A10: 1 | B10: 2 | C10: 3 | D10: 4 | E10: 5
A11: ВСЕГО
A12: I | B12: Кредиты кредитных организаций в валюте Российской Федерации | C12: =C14 -> 0 | D12: =D14 -> 0 | E12: =E14 -> 0
B13: в том числе
A14: 1 | B14: Объем привлечения
A15: 2 | B15: Объем средств, направляемых на погашение основной суммы долга
A16: 11 | B16: Бюджетные кредиты от других бюджетов бюджетной системы Российской Федерации | C16: =C19 -> -48.6 | D16: =D19 -> -60.8 | E16: =E19 -> -72.9
B17: в том числе
A18: 1 | B18: Объем привлечения
A19: 2 | B19: Объем средств, направляемых на погашение основной суммы долга | C19: ='прил 5'!C17 -> -48.6 | D19: ='прил 5'!D17 -> -60.8 | E19: ='прил 5'!E17 -> -72.9
B20: ВСЕГО | C20: =C14+C19 -> -48.6 | D20: =D14+D19 -> -60.8 | E20: =E14+E19 -> -72.9
